Workbook
Name CSV_施設種別: #REF!
Name CSV_施設種別: 第２号様式!$AS$84:$AS$85
Name ＧＨ夜間防災体制加算: 第２号様式!$AT$284:$AT$289
Name WAM対応1: #REF!
Name WAM対応1: 第２号様式!$AS$88:$AX$109
Name WAM対応2: #REF!
Name WAM対応2: 第２号様式!$AX$88:$BB$96
Name WAM対応3: #REF!
Name WAM対応3: 第２号様式!$BC$88:$BG$88
Name リスト_ＣＨ夜間支援体制加算: [1]様式第１号!$AT$271:$AT$280
Name リスト_ＣＨ夜間支援体制加算: [2]様式第１号!$AT$271:$AT$280
Name リスト_ＣＨ夜間支援体制加算: [2]様式第１号!$AT$271:$AT$280
Name リスト_ＣＨ夜間支援体制加算: [2]様式第１号!$AT$271:$AT$280
Name リスト_ＣＨ夜間支援体制加算: [2]様式第１号!$AT$271:$AT$280
Name リスト_ＣＨ夜間支援体制加算: [2]様式第１号!$AT$271:$AT$280
Name リスト_ＣＨ夜間支援体制加算: 第２号様式!$AT$271:$AT$280
Name リスト_ＧＨ夜間防災体制加算: [1]様式第１号!$AT$284:$AT$289
Name リスト_ＧＨ夜間防災体制加算: [2]様式第１号!$AT$284:$AT$289
Name リスト_ＧＨ夜間防災体制加算: [2]様式第１号!$AT$284:$AT$289
Name リスト_ＧＨ夜間防災体制加算: [2]様式第１号!$AT$284:$AT$289
Name リスト_ＧＨ夜間防災体制加算: [2]様式第１号!$AT$284:$AT$289
Name リスト_ＧＨ夜間防災体制加算: [2]様式第１号!$AT$284:$AT$289
Name リスト_ＧＨ夜間防災体制加算: 第２号様式!$AT$284:$AT$289
Name リスト_サービス種類1: #REF!
Name リスト_サービス種類1: 第２号様式!$AV$88:$AV$89
Name リスト_サービス種類2: #REF!
Name リスト_サービス種類3: #REF!
Name リスト_委任状元号: 第２号様式!$AT$149:$AT$150
Name リスト_施設等の区分_児童デイ: [1]様式第１号!$AT$241:$AT$243
Name リスト_施設等の区分_児童デイ: #REF!
Name リスト_施設等の区分_児童デイ: [2]様式第１号!$AT$241:$AT$243
Name リスト_施設等の区分_児童デイ: [2]様式第１号!$AT$241:$AT$243
Name リスト_施設等の区分_児童デイ: [2]様式第１号!$AT$241:$AT$243
Name リスト_施設等の区分_児童デイ: [2]様式第１号!$AT$241:$AT$243
Name リスト_施設等の区分_児童デイ: [2]様式第１号!$AT$241:$AT$243
Name リスト_施設等の区分_児童デイ: 第２号様式!$AT$241:$AT$243
Name リスト_主たるサービス種類_付１０: 第２号様式!$AT$331:$AT$332
Name リスト_主たるサービス種類_付１１: [1]様式第１号!$AT$336:$AT$337
Name リスト_主たるサービス種類_付１１: [2]様式第１号!$AT$336:$AT$337
Name リスト_主たるサービス種類_付１１: [2]様式第１号!$AT$336:$AT$337
Name リスト_主たるサービス種類_付１１: [2]様式第１号!$AT$336:$AT$337
Name リスト_主たるサービス種類_付１１: [2]様式第１号!$AT$336:$AT$337
Name リスト_主たるサービス種類_付１１: [2]様式第１号!$AT$336:$AT$337
Name リスト_主たるサービス種類_付１１: 第２号様式!$AT$336:$AT$337
Name リスト_主たるサービス種類_付１２: [1]様式第１号!$AT$341:$AT$342
Name リスト_主たるサービス種類_付１２: [2]様式第１号!$AT$341:$AT$342
Name リスト_主たるサービス種類_付１２: [2]様式第１号!$AT$341:$AT$342
Name リスト_主たるサービス種類_付１２: [2]様式第１号!$AT$341:$AT$342
Name リスト_主たるサービス種類_付１２: [2]様式第１号!$AT$341:$AT$342
Name リスト_主たるサービス種類_付１２: [2]様式第１号!$AT$341:$AT$342
Name リスト_主たるサービス種類_付１２: 第２号様式!$AT$341:$AT$342
Name リスト_主たるサービス種類_付３: [1]様式第１号!$AT$311:$AT$312
Name リスト_主たるサービス種類_付３: [2]様式第１号!$AT$311:$AT$312
Name リスト_主たるサービス種類_付３: [2]様式第１号!$AT$311:$AT$312
Name リスト_主たるサービス種類_付３: [2]様式第１号!$AT$311:$AT$312
Name リスト_主たるサービス種類_付３: [2]様式第１号!$AT$311:$AT$312
Name リスト_主たるサービス種類_付３: [2]様式第１号!$AT$311:$AT$312
Name リスト_主たるサービス種類_付３: 第２号様式!$AT$311:$AT$312
Name リスト_主たるサービス種類_付５: [1]様式第１号!$AT$316:$AU$323
Name リスト_主たるサービス種類_付５: [2]様式第１号!$AT$316:$AU$323

Sheet 必要書類一覧
A1: ○：必ず提出していただくもの △：該当がない書類等は省略可能 ※該当するかどうかわからない場合、省略せず提出してください。
B2: 必要書類一覧 | D2: 特定相談支援 | E2: 障害児相談支援
D3: 計画相談支援 | E3: 障害児相談支援
B4: 第2号様式 | C4: 申請書 | D4: ○ | E4: ○
C5: 別紙1 | D5: ○ なければ不要 | E5: ○ なければ不要
B6: 付表 | D6: 〇 付表１ | E6: 〇 付表１
B7: 定款、履歴事項全部証明書 | D7: ○ | E7: ○
B8: 別紙２ | C8: 勤務形態 | D8: ○ | E8: ○
C9: 従業者の要件を確認できる書類 (実務経験証明書、資格証や研修修了証の写し等) | D9: ○ | E9: ○
B10: 運営規程 | D10: ○ | E10: ○
B11: その他必要なもの | D11: ○ | E11: ○
B12: 参考様式１ | C12: 平面図 | D12: ○ | E12: ○
B13: 参考様式３ | C13: 設備 | D13: ○ | E13: ○
C14: 写真 | D14: ○ | E14: ○
B15: 参考様式４ | C15: 経歴書 （管理者） | D15: ○ | E15: ○
C16: 経歴書 （相談支援専門員） | D16: ○ | E16: ○
C17: 相談支援専従事者初任者研修の終了証・現任研修の終了証 | D17: ○ | E17: ○
B18: 参考様式５ | C18: 実務経験 | D18: ○ | E18: ○
B19: 参考様式６ | C19: 苦情解決 | D19: ○ | E19: ○
B20: 参考様式７ | C20: 主たる対象者 | D20: ○ | E20: ○
B21: 参考様式８ | C21: 誓約書 | D21: ○ | E21: ○
B22: 管理者の誓約書 | D22: ○ | E22: ○
B23: 参考様式９ | C23: 協力機関 | D23: ○ | E23: ○
B24: 参考様式１０ | C24: 事業計画書 | D24: ○ | E24: ○
B25: 参考様式１１ | C25: 計画相談・障害児相談支援事業 開始届出書 | D25: ○ | E25: ○
B26: 参考様式１２ | C26: 収支予算書 | D26: ○ | E26: ○
B27: 資産の状況 | C27: 財産目録または決算書 | D27: ○ | E27: ○
B28: その他 | C28: 建物賃貸借契約書 | D28: ○ | E28: ○
C29: 防火対象物使用開始届出書の副本の写し | D29: △ | E29: △
C30: 賠償責任保険証書の写し | D30: ○ | E30: ○
C31: パンフレット等（事業所の特色・年間予定・週間予定・一日の流れ等） | D31: △ | E31: △
C32: 情報公表システム 法人ID発行/事業所情報登録依頼票 | D32: ○ | E32: ○
C33: 業務管理体制の届出 | D33: △ | E33: △
C34: 介護給付費等算定に係る体制等に関する届出書 | D34: ○ | E34: ○
C35: 指定書送付用レターパックライト（３７０円） | D35: ○ | E35: ○
C36: 提出書類確認票 | D36: ○ | E36: ○

Sheet 提出書類の説明
A1: 指定通所支援及び指定障害児入所施設指定申請に係る 添付書類、参考様式の種類と記載時の留意事項・説明
I2: 【令和５年１１月現在】
A3: ◇申請書・添付書類の様式等は、ウェブサイト「障害福祉情報サービスかながわ」（http://www.rakuraku.or.jp/shienhi/）の「書式ライブラリ」よりダウンロードできます。 ◇必ず最新版のものをダウンロードして使用してください。
A4: 様式名等 | E4: 記載時の留意事項・説明 | J4: 提出
A5: 第２号様式 | B5: 指定申請書 | E5: ・「指定申請書」は通所・入所共通の様式です。 ・「付表」は指定を受けようとする事業の種類により異なります(様式第1号に必要事項を入力すると、事業に対応した付表が表示されます)。 ※「指定申請書」、「口座振込(変更)依頼書」、「付表」はＡ４の紙に出力し押印(必要なもののみ）したものを提出ください。
A6: 口座振込(変更)依頼書
A7: 各種付表
A8: 別紙１ | B8: 同一法人において既に指定を受けている事業等について | E8: 同一法人において既に指定を受けている事業がある場合記載してください(児童福祉法・障害者総合支援法・介護保険法等)。ない場合は別紙添付の必要はありません。
A9: 申請者の定款、寄附行為等及びその登記簿謄本（又は条例） | E9: ・申請に係る事業を実施する旨の認可がされていることが必要です。
E10: ・登記簿は、履歴事項全部証明を提出ください。複数のサービスを同時に申請する場合は、原本は１部で差支えありませんが、他の申請書には写しを必ず添付してください。
A11: 別紙２ | B11: 従業者の勤務の体制及び勤務形態一覧表 | E11: ・従業者の一ヶ月の勤務体制について記入してください。
A12: 運営規程 | E12: ・それぞれの事業ごとに作成してください。
A13: 参考様式１ | B13: 事業所・施設の平面図 | E13: ・既製の平面図（建築図面等）がある場合はそれをＡ3（またはＡ4）に縮尺の上、添付してください。複数の事業所で同じ建物を使う場合は、事業で使う場所が分かるように色分け等をしてください。
E14: ・事業所の写真（外観及び内部）を添付してください。写真には、どの部分の写真であるか記載してください。写真は現像したものではなく、Ａ４紙等に印刷したものでかまいません。（様子が確認できるように、可能な限りカラーでお願いします。） ・指定上必要な設備・備品のほか、個人情報に配慮した設備(例；鍵付書庫等)、消防設備(例；消火器、火災報知機等)、感染症予防（例；手指消毒）の写真も添付してください。
A15: 参考様式３ | B15: 事業所の設備・備品等一覧表 | E15: ・消防設備、個人情報保護の為の設備、衛生用品を含め、事業所の設備・備品等について、基準条例の規定に沿って配慮、措置している事項について記載してください。
A16: 参考様式４ | B16: 管理者・相談支援専門員の経歴書 | E16: ・管理者、相談支援専門員について、それぞれ別に作成してください。兼務する場合は1枚で構いません。
A17: 参考様式５ | B17: 実務経験（見込）証明書 | E17: ・相談支援専門員について、実務要件や研修要件について確認のうえ提出してください。 ・業務に従事した日数を必ず記載してください。
A18: 資格証の写し | E18: ・相談支援専門員について、実務経験年数（日数）に必要な場合（資格により実務経験年数が短縮される場合）は、資格を証する書面の写しを添付してください。 （居宅介護初任者研修修了証、社会福祉主事の任用資格証 保育士証等）
A19: 研修修了証 | E19: ・相談支援従事者初任者研修の受講証明書に加えて次のいずれかの修了証。 ・相談支援従事者現任研修を修了した場合は、現任研修終了証も提出してください。
A20: 参考様式６ | B20: 利用者（入所者）又はその家族からの苦情を解決するために講ずる措置の概要 | E20: ・利用者（入所者）からの苦情を解決するために講じる具体的な方法を記入してください。苦情解決に関して法人の内規等がある場合は一部添付してください。（連絡先や担当者名は必ず記入してください。）
A21: 参考様式７ | B21: 主たる対象とする障害の種類を定める理由等 | E21: ・主たる対象者を特定している場合に提出してください。特定しない場合は提出の必要はありません。
A22: 参考様式８ | B22: ・指定特定相談支援事業者の指定に係る誓約書 ・指定障害児相談支援事業者の指定に係る誓約書 | E22: ・複数の事業所について同時申請する場合や多機能型事業所の場合は、原本は1部で差支えありませんが、他の申請書には写しを必ず添付してください。
A23: 管理者誓約書 | E23: 指定計画相談支援事業所用、指定障害児相談支援事業所用に分かれていますので、該当するものを使用してください。管理者については、個人印が必要です。
A24: 参考様式９ | B24: 関係機関との協力体制 | E24: ・主たる対象とする障害以外の利用者等から支援の依頼があった場合や、それぞれの事業所で対応が困難なケースについて、どのように連携して対応していくか記載してください。
A25: 参考様式１０ | B25: 事業計画書 | E25: ・「事業計画書」は当該事業所の指定日が属する年度の事業計画を作成（様式は任意）し添付してください。 ・研修計画については、具体的な研修名、内容及び実施スケジュールを記載してください。
A26: 参考様式１１ | B26: 開始届出書 | E26: ・運営規程等を参考に記載してください。職員定数等が運営規程や別紙２の内容と矛盾しないか確認して下さい。
A27: 参考様式１２ | B27: 収支予算書 | E27: ・「収支予算書」は、事業計画を基に、申請事業に係る当該事業所の収支予算を作成してください。（事業開始後12か月分※必ず利用者の見込数を記載すること）
A28: 申請する事業の資産の状況
A29: ・財産目録又は決算書等 | E29: ・法人の「財産目録」又は「決算書」（直近のもの）を添付してください。
A30: 事業者指定前の確認・誓約事項 | E30: 内容を確認の上、法人印を押印の上、提出してください。
A31: 社会保険及び労働保険への加入状況にかかる確認票 | E31: ・リーフレット「社会保険への加入手続きはお済みですか？」及び「労働保険への加入手続きはお済みですか？」をご確認ください。 ・社会保険・労働保険の適用が確認できない場合は、厚生労働省からの依頼に基づき、厚生労働省に情報提供いたします。
A32: その他必要なもの | E32: ・有資格職として配置する従業員（社会福祉士、介護福祉士、保育士、看護師、理学療法士等）については、資格を証する書面の写しを添付してください。
E33: ○ 事業所の建物が賃貸等の場合は、「建物賃貸借契約書」等の写しを添付してください。
E34: ○ 防火対象物使用開始届出書（副本）の写しを添付してください。
E35: ○情報公表システム・法人ID発行/事業所情報登録依頼票を提出してください。
E36: ○加算を取得する場合は「介護給付費等算定に係る体制等に関する届出書」を提出してください。
E37: ○ 不慮の事故等に備えた、「損害賠償責任保険証書」の写しを添付してください。 （事故が発生した場合の補償の概要がわかる資料の写しも添付してください。）
E38: ○必要に応じ、「業務管理体制に関する届出書」を提出してください。
E39: ○ 指定書送付用送付用レターパックライト（３７０円）に宛名（当該事業所）を記入して、提出してください。 ※念のため追跡番号をお控えください。
E40: ○ 提出書類確認票を添付してください。

Sheet 指定申請書類チェックシート
A1: 指定申請書類チェックシート
A2: 必ず以下のチェック項目について確認をした上で書類を提出ください。
A4: ※申請するサービスにより提出が必要な様式が異なります。必要な様式は、サービスごとの必要書類一覧を確認ください。
A5: ※以下のチェック事項にない事項でも、記載に誤りがあれば修正が必要となります。
A6: 様式 | B6: チェック事項（よくある誤り） | I6: 確認
A7: 全様式共通 | B7: 右上の日付欄は書類の発送日を記載してください。
B8: 法人の所在地は、履歴事項全部証明書にある所在地と完全に一致させてください。
B9: 法人名称は、履歴事項全部証明書にある名称と完全に一致させてください。（スペースの有無も完全に一致させる） 【よくある誤り：「登記では「○○ 株式会社」とあるものを、書類には「○○株式会社」と記載している】
B10: 半角カタカナでフリガナを記載する欄は、必ず半角カタカナで記載してください。
B11: 職員の氏名を正しく記載してください。（「高」と「髙」の違い、「沢」と「澤」の違い 等）
B12: 職員の氏名は、苗字の名前の間を１文字開けてください。（フリガナも同様）
B13: 申請先を記載する書類は、申請先を必ず「相模原市長」にしてください。
B14: 代表者氏名には必ず肩書きを記載してください。
B15: 日付は全て和暦（令和○年○月○日）で記載してください。（西暦や、Ｒ○年 という記載は×）
B16: 事業所の所在地は全ての書類で一致させてください。
B17: 既に市内に所在する他の事業所と類似した事業所名をつけないようにしてください。 （障害福祉情報サービスかながわで類似した事業所名がないか確認してください。）
B18: 事業所の名称は全ての書類で一致させてください。（名称内のスペースの有無も完全に一致させてください。）
A19: 第２号様式（指定申請書） | B19: 住所は、数字も含めて全て全角で記載してください。
B20: 営利法人の場合、「法人所轄庁」欄は空欄としてください。
B21: 「主たる事業所名称」欄の記載漏れに注意してください。
B22: 「指定有効終了年月日」欄には指定有効開始年月日の６年後の日付を記載してください。
B23: 「※」がついた欄には記載しないでください。
A24: 別紙１ | B24: 他の法律において指定を受けている全ての事業所を記載してください。（他県も含む）
A25: 口座振込（変更）依頼書 | B25: 「名義人」の「フリガナ」は、通帳を開いたページに記載のあるフリガナと完全に一致させてください。（※半角） 【よくある誤り 通帳：カ）サガミハラフクシカイ カナガワ イチロウ 誤り例１：カブシキガイシャ カナガワ イチロウ （法人名称を略語にしていないため×） 誤り例２：カ）サガミハラフクシカイ カナガワイチロウ（スペースの位置が一致していないため×）
B26: 「名義人」の「氏名」は、通帳の表紙に記載のある氏名と完全に一致させてください。 【よくある誤り 通帳：株式会社さがみはら福祉会 神奈川 一郎 誤り例：株式会社さがみはら福祉会 神奈川一郎（スペースの位置が一致していないため×）
A27: 通帳の写し | B27: 通帳の写し（表紙及び開いたページ）を添付するか、金融機関の確認印を受けてください。
A28: 付表 ※サービスにより様式が異なるため、該当しない項目もあります。 | B28: 事業所の「電話番号」及び「ＦＡＸ番号」は、体制届に記載する番号と一致させてください。
B29: 「当該事業の実施について定めてある定款・寄付行為又は条例等」欄は、条番だけでなく、定めるものの名称も必ず記載してください。 【例 「定款第○条第○項第○号」「寄付行為第○条第○項第○号」】
B30: 管理者が、申請をするサービスの他の職種と兼務をする場合は、「兼務の有無」欄を「有」としてください。
B31: 管理者及びサービス管理責任者・サービス提供責任者・児童発達支援管理責任者の住所は、経歴書（参考様式４）と完全に一致させてください。
B32: 「従業者の職種・員数」は、運営規程及び勤務形態一覧表（別紙２）と完全に一致させてください。
B33: 「前年度の平均利用者数」欄には、定員の９０％を記載してください。
B34: 「営業時間」は、半角数字で「00：00」という形式で記載してください。 【よくある誤り：「9～17」×】
B35: 「主たる対象者」は、運営規程の規定と完全に一致させてください。
B36: 「利用料」「その他費用」欄は、「運営規程に定めるとおり」として良いですが、漢字の誤りのないようお気を付けください。 【よくある誤り：「運営規程」を、「運営規定」と記載している】
B37: 「通常の事業の実施地域」は、運営規程の規定と完全に一致させてください。
B38: 「苦情解決の措置概要」の「窓口（連絡先）」欄には、苦情解決窓口の電話番号を記載してください。（※参考様式６に記載する番号と一致させてください。）
B39: 「苦情解決の措置概要」の「担当者」は、参考様式６に記載する担当者名と一致させてください。
B40: 「協力医療機関」の「名称」は、参考様式１０にある医療機関の名称と一致させてください。
... B42: 「※」がついた欄には記載しないでください。
A43: 定款 | B43: 実施する事業の法律名やサービス名が正しく規定されておりませんと、指定が受けられません。 【例 障害福祉サービス事業を申請する場合の正しい規定： 障害者の日常生活及び社会生活を総合的に支援するための法律に基づく障害福祉サービス事業】
A44: 履歴事項全部証明書 ※発行後３ヶ月以内のもの | B44: 原本を提出してください。
A45: 運営規程 | B45: 以下のページから最新の記載例を確認ください。 記載例のデータから作成いただかなくても構いませんが、記載例にある項目は全て記載いただく必要があります。 ※令和３年度報酬改定に伴い、運営規程に記載する必要のある内容が変更され、記載例も大幅に変更されています。 ○インターネットサイト「障害福祉情報サービスかながわ」 書式ライブラリ→４．相模原市からのお知らせ→１４．運営規程（作成例）
B46: 記載例から作成した場合、サービスによっては「*主たる対象者の特定内容に応じて記載」といった注意事項が掲載されているので削除してください。
B47: 第２条 法人名が正しく記載されているか確認してください。 【よくある誤り： ㈱○○○ （法人名が略称になっているため×）】
B48: 第１条 実施する事業について定める法律名を必ず記載してください。
B49: 職員の員数の規定 ： 職種ごとに、常勤・非常勤、専従・兼務の別を記載してください。 （※別紙２と一致させてください。）
B50: 利用定員 ： 多機能型事業所の場合には、それが分かるように記載してください。 【例１ 事業所は就労継続支援Ｂ型と就労移行支援との多機能型事業所とする。 利用定員は以下のとおりとする。 就労移行支援：利用定員６名 就労継続支援Ｂ型（本体）：利用定員１４名 就労継続支援Ｂ型（従たる事業所）：利用定員２０名】 【例２ 事業所は児童発達支援と放課後等デイサービスとの多機能型事業所とする。 利用定員１０名】 【例３ 事業所は児童発達支援と放課後等デイサービスとの多機能型事業所とする。 利用定員２０名 単位１（個別）：利用定員１０名 単位２（集団）：利用定員１０名】
B51: 主たる対象者の特定をする場合は規定してください。※併せて参考様式８も提出が必要です。
B52: 通常の事業の実施地域 ： 客観的にその区域が特定されるものとする必要があります。 【よくある誤り：「相模原市及びその周辺地域」 （区域が特定できないため×）】
A53: 別紙２（勤務形態の一覧表） | B53: 当該様式は、「週５日営業×４週」の場合の勤務状況を確認しますので、特定の月ではなく、祝日の無い、月～金曜が平日の場合を想定して作成ください。
B54: 「職種」欄には、指定基準に定める職種名を正しく記載してください。 【よくある誤り ： 居宅系サービスにおける直接処遇職員は、「従業者」が正しい名称。 「ヘルパー」は×】
B55: 同一人が複数の職種を兼務する場合（管理者兼サービス管理責任者 等）は、職種ごとに行を分けて記載してください。（勤務時間も分けて記載してください。）
B56: 職員ごとに常勤換算後の人数を計算し、「常勤換算後の人数」欄に入力してください。
A57: 参考様式１（事業所・施設の平面図） | B57: 「建物の名称」欄には、賃貸借契約書に記載のある建物の名称を記載してください。
B58: 「構造概要」欄には、賃貸借契約書に記載のある「構造」を記載してください。
B59: 他の事業所や施設と供用する場合は、共用する事業所や施設名を記載してください。 ※多機能型事業所の場合も、共用するサービス名を記載してください。 ※共用がない場合は、「無」と記載してください。
B60: 図面上の部屋名称は、指定基準に定める名称を記載してください。 【例 「訓練・作業室」「指導訓練室」「相談室」「事務室」「洗面所」「便所」「多目的室」等】
B61: 部屋名称は、参考様式１、参考様式２、参考様式３で全て一致させてください。
B62: 部屋ごとの面積を記載してください。
B63: 平面図上に、事業所の占有でない部分がある場合は、占有部分が分かるように色分けする等してください。
B64: 多機能型事業所の場合、サービスごとの占有部分や共用部分が分かるように色分けする等してください。
B65: 「手指を洗浄するための設備」の設置が必要なサービスについては、設置場所を図面に記載してください。
B66: 写真の撮影場所が分かるように、各写真に番号を付け、その番号を図面に記載してください。 （※撮影した向きが分かるように、「①→」と、番号に矢印を付けてください。）
A67: 参考様式３（事業所の設備・備品一覧表） | B67: 「設備の概要」欄に部屋名称を記載し、部屋ごとに何の備品を設置しているのかが分かるように記載してください。
B68: 「備品の品名及び数量」欄に記載する備品は、全て数量も記載してください。
B69: 「手指を洗浄するための設備」の設置が必要なサービスについては、手指洗浄の設備（手指消毒液等）についても「備品の品名及び数量」欄に記載してください。
B70: 特定の商品名は記載しないでください。
B71: 「消火器」を「消化器」と誤って記載している場合がありますので注意してください。
A72: 事業所のカラー写真 | B72: 建物の外観の写真を撮影してください。また、事業所がテナントなどの場合には、その事業所の場所がわかるように建物の入口から事業所の入口までの写真も撮影してください。
B73: 事業所内の全ての部屋（トイレも含む）において、部屋全体が見えるように撮影してください。※死角がないように、複数枚撮影してください。
B74: 写真によって備品の位置が変わることのないよう注意してください。
B75: 参考様式３に記載している備品が全て確認できるように撮影してください。 （※参考様式３にある備品の数量と、写真に写っている備品の数量が一致しているか必ず確認ください。）
B76: 用紙１枚に写真を複数枚プリントしていただいても結構ですが、あまり小さいと部屋の構造や備品の数量が確認できませんので留意ください。
B77: 相談室は、部屋の中だけでなく、扉を閉めた状態で扉の外から撮影した写真も添付してください。 （相談室使用中に、相談室の外から相談室の中が見えないことを確認するため。）
B78: 鍵付き書庫は、鍵付きであることが分かるように撮影してください。
B79: 事業所の看板の写真も添付してください。（仮置きのものでも結構です） ※申請する事業所名と看板にある事業所名が完全に一致しているか確認ください。
B80: 障害児通所支援等で、送迎を行う場合は送迎車の写真も撮影してください。 ※車のナンバーが見えるように撮影してください。 ※原則、事業所の駐車場（又は別に駐車場を借りる場合は、その駐車場）で撮影した写真を添付してください。
A81: 参考様式４（経歴書） | B81: 「管理又は従事する事業所が複数の場合はその全てを記載してください。」欄には、兼務先をサービスごとに記載してください。
B82: 「主な職歴」の「勤務先」は、法人名だけでなく、実際に勤務していた事業所や施設名も記載してください。
B83: 「主な職歴」の「期間」「勤務先」「職務内容」が実務経験証明書（参考様式５）と一致しているか確認ください。
B84: 「職務に関する資格」欄には、申請をする事業の職務に関係のない資格は記載不要です。
B85: 「資格の種類」及び「資格取得年月日」は、資格証と一致させてください。
B86: 「備考（研修等の受講の状況等）」欄には、受講・修了が必要な研修の受講状況について記載してください。 ※未受講の場合は、受講予定時期を記載してください。
A87: 参考様式５（実務経験証明書） | B87: 本市様式でないものは認められません。提出前に、正しい様式であることを今一度確認ください。 ※写しではなく、原本を提出してください。
B88: 「業務期間」の年数及び月数（○年○月間）が正しく記載されているか確認してください。 【例 期間が「平成２５年４月１日～平成２６年３月１５日」の場合、「１１月間」が正】
B89: 「上記のうち業務に従事した日数」欄には、具体的な日数を記載する必要があります。（「週５日勤務」等の記載は×）
B90: 「職名」は正しい名称を記載する必要があります。 【例 「放課後等デイサービス」の「指導員」として勤務していた場合は、「職名」欄には「指導員」と記載する必要がある。「従業者」「常勤職員」等、基準に定める職種でないものは×】
B91: 業務内容に具体的な要件があるサービスについては、証明書に記載されている業務内容が要件について証明するものになっているか確認してください。 【例 ・行動援護のサービス提供責任者及び従業者：知的障害者、知的障害児または精神障害者の直接支援業務 ・同行援護の従業者：視覚障害を有する身体障害者又は障害児の直接支援業務 】
A92: 参考様式６ （苦情解決の措置概要） | B92: 役割名を正しく記載してください。 【よくある誤り：同一人を指すにも関わらず、場所によって「苦情受付担当者」や「苦情解決責任者」と、役割名が統一されていない】
B93: 「※具体的な対応方針」は、無い場合はこの記載は削除してください。
B94: 窓口（連絡先）等として、「相模原市福祉基盤課」を記載しないでください。
A95: 参考様式７ （主たる対象を特定する理由等） ※主たる対象者を限定する場合のみ | B95: 「申請に係るサービスの主たる対象者」を、運営規程に定める主たる対象者と一致させてください。
B96: 「３ 今後における主たる対象者の拡充の予定」は、申請をするサービスにおいて主たる対象者を拡充する予定がある場合は「有」としてください。
A97: 参考様式８（誓約書）
A98: 管理者の誓約書 | B98: 本市様式でないものは認められません。提出前に、正しい様式であることを今一度確認ください。
B99: 管理者の印も必ず押印してください。（印は個人印です。また、参考様式９別紙に押印したものと同じ印を使用してください。）
A100: 財産目録又は決算報告書 | B100: 直近のものを提出ください。
B101: 新規法人で財産目録等が無い場合は、法人の資産が分かる通帳の写し（表紙及び現在の残高が分かるページ）を提出ください。
A102: 参考様式１１（開始届出書） | B102: 「１ 事業の種類及び内容」欄の事業の内容は、運営規程に定める内容と一致するようにしてください。
...

Sheet 【要提出】提出書類確認票
A1: 提出書類確認票 | J1: 居宅介護
A2: サービス種別 | J2: 重度訪問介護
A3: 事業所名 | J3: 行動援護
A4: 担当者 | J4: 同行援護
A5: TEL・E-mail | B5: TEL： | D5: E-mail: | J5: 療養介護
A6: 提出が「必須」でないものについては、変更がある場合には変更届と共に提出ください。 | J6: 生活介護
A7: 様式名等 | C7: 提出 | D7: 確認欄 | E7: 備考 | J7: 短期入所
A8: 第２号様式 | J8: 施設入所支援
A9: 別紙１ | E9: ※他法で指定を受けている事業がある場合のみ ※他法による指定通知書の写しを添付 | J9: 共同生活援助
A10: 付表 | E10: ※サービスごとに書式が異なる | J10: 自立生活援助
A11: 定款、履歴事項全部証明書 | E11: ※発行後３ヶ月以内の原本 | J11: 自立訓練（機能訓練）
A12: 別紙２（勤務形態） | E12: ※サービスごとに書式が異なる | J12: 自立訓練（生活訓練）
A13: 運営規程 | J13: 就労継続支援Ｂ型
A14: 前回指定を受けた際の指定書の写し | J14: 就労定着支援
A15: 参考様式１（平面図） | E15: ※他業種と併設の場合は事業ごとに色分けする | J15: 計画相談支援
A16: 参考様式３（設備） | J16: 地域相談支援（地域定着支援）
A17: 事業所のカラー写真 | J17: 障害児相談支援
A18: 参考様式４（経歴書）
A19: 参考様式５（実務経験）
A20: 資格証の写し
A21: 研修修了証の写し
A22: 参考様式６（苦情解決） | E22: ※法人の内規があれば別途添付
A23: 参考様式７（主たる対象） | E23: ※主たる対象者を限定する場合のみ
A24: 参考様式８（誓約書） | J24: 就労移行支援
A25: 管理者の誓約書 | E25: ※サービスごとに書式が異なる | J25: 就労継続支援Ａ型
A26: 参考様式９（協力体制）
A27: 参考様式１０（事業計画書）
A28: 参考様式１１（開始届出書）
A29: 参考様式１２（収支予算書）
A30: 財産目録又は決算報告書
A31: 賠償責任保険証書の写し
A32: 情報公表システム 法人ID発行/事業所情報登録依頼票
A33: 事業所物件の賃貸借契約書の写し | E33: ※自社物件の場合、所有状況がわかるもの
A34: パンフレット等 | E34: ※パンフレット等ございましたら、ご提出ください。
A35: 業務管理体制の届出 | E35: ※運営している事業所が相模原市内のみの場合
A36: 体制届 | E36: ※加算を取得する場合
A37: 指定書送付用レターパックライト （３７０円）
A38: 提出書類確認票

Sheet 第２号様式
B2: ＊次のいずれかを選択し、下の申請書に必要事項を入力してください。 | Z2: ※神奈川県使用欄
B4: 申請する事業所(施設）の種類 | O4: =AV83 -> 7 | Z4: 事業所番号
B5: 申請者の法人の種類 | Z5: サービス種類 | AA5: =IF($N$6<>"",VLOOKUP($N$6,$AS$88:$AV$89,4,FALSE),"")
B6: 申請する事業の種類 | N6: =AW83 | O6: 1
Z7: 異動区分
Z8: 異動年月日
B9: （第２号様式） | W9: 1
Q10: ※受付番号 | Z10: 支払方法
E11: 指定特定相談支援事業所 指定障害児相談支援事業所 | Q11: ※指定市町村番号 | Z11: 社福・A型減免 | AA11: FALSE
M12: 指定（更新）申請書
Q13: 令和 年 月 日
B14: （申請先） | H14: （申請者）
B15: 相模原市長 | I15: 所 在 地
I17: 名 称
I18: 代表者氏名
B20: =IF(N4=1,"障害者の日常生活及び社会生活を総合的に支援するための法律",IF(N4=2,"児童福祉法","")) | O20: に規定する
B21: =IF(OR($N$4=1,$N$4=2),VLOOKUP($N$4,$AS$84:$AT$85,2,FALSE),"") | G21: に係る指定を受けたいので、下記のとおり、関係書類を添えて申請します。
B23: 申請者（設置者） | C23: ﾌ ﾘ ｶﾞ ﾅ
C24: 名 称
C25: 主たる事務所の 所在地 | G25: 〒 | L25: ←郵便番号を半角数字７桁で記載してください
C28: 連絡先 | G28: 電話番号 | O28: ＦＡＸ番号
C29: 法人の種類 | G29: =IF(OR(N5=1,N5=2,N5=3,N5=4,N5=5,N5=6,N5=7,N5=8,N5=9,N5=10,N5=11,N5=12,N5=13,N5=14,N5=15),VLOOKUP(N5,AS111:AU125,2,FALSE),"") | O29: 法人所轄庁
C30: 代表者 | E30: 役 職
E31: 氏 名
E32: 住 所 | G32: 〒 | L32: ←郵便番号を半角数字７桁で記載してください
B35: 指定を受けようとする 事業所・施設の種類 | C35: ﾌ ﾘ ｶﾞ ﾅ
C36: 名 称
C37: 事業所（施設） の所在地 | G37: 〒 | L37: ※事業所(施設)所在地市町村番号 | T37: ※級地区分
C40: 事業等の種類 | G40: =IF($N$4="","",VLOOKUP($N$4,$AS$84:$AT$85,2,FALSE))
G41: =IF($L$6<>"",IF($N$4=1,VLOOKUP($N$6,$AS$88:$AT$88,2,FALSE),IF($N$4=2,VLOOKUP($N$6,$AS$92:$AT$92,2,FALSE),"")),"") | M41: 指定申請をする事業等の 事業開始予定年月日 | S41: 付表 | T41: 備考
S42: =IF($N$6<>"",IF($N$4=1,VLOOKUP($N$6,$AS$88:$AV$88,3,FALSE),IF($N$4=2,VLOOKUP($N$6,$AS$92:$AV$92,3,FALSE),)),"")
B43: 主たる事業所名称
B44: 同一の法律において既に 指定を受けている場合 | G44: サービスの種類 | P44: 事業所番号
G45: 事業所名称
B46: 指定有効開始年月日 | L46: 指定有効終了年月日
B47: 指定更新申請中区分 | G47: 2 | L47: 地域生活支援拠点等区分 | Q47: 2
B48: 効力停止開始年月 | L48: 効力停止終了年月日
B49: 事業変更年月日
B50: （備考）
B51: １ 「※」のついた欄には記載しないでください。
B52: ２ 「法人の種類」欄には、申請者が法人である場合に、「社会福祉法人」「医療法人」「社団法人」「財団法人」
B53: 「営利法人」等の別を記載してください。
B54: ３ 「法人所轄庁」欄には、申請者が認可法人である場合に、その主務官庁の名称を記載してください。
B55: ４ 「指定を受けようとする事業所・施設の種類」欄には、今回申請をするものについて必要事項を記載してください。
B56: ５ 「同一の法律において既に指定を受けている場合」欄には、神奈川県において既に事業所としての指定を受け、番号
B57: が付番されている場合に、その事業所に関する事項を記載してください。複数の番号を有する場合には、そのうちの
B58: 一つのみを記載してください。
V59: Ver.060
AV83: =IF($N$4=1,"3","7") -> 7 | AW83: =IF($N$4=1,VLOOKUP($L$6,$AR$88:$AV$89,2,FALSE),IF($N$4=2,2,"")) | AX83: ←サービス種類用
AS84: 1 | AT84: 指定特定相談支援事業所 | AU84: 3
AS85: 2 | AT85: 指定障害児相談事業所 | AU85: 7
AQ87: プルダウンの表示順→ | AR87: 0 | AS87: 0 | AT87: ←新しい番号
AR88: 1 | AS88: 1 | AT88: 計画相談支援 | AU88: 1 | AV88: 52
AR89: 2 | AS89: 2 | AT89: 障害児相談支援 | AU89: 1 | AV89: 55
AR91: 0 | AS91: 0 | AT91: ←新しい番号
AR92: 1 | AS92: 2 | AT92: 障害児相談支援 | AU92: 1 | AV92: 55
AS111: 1 | AT111: 社会福祉法人（社協以外） | AU111: 1
AS112: 2 | AT112: 社会福祉法人（社協） | AU112: 2
AS113: 3 | AT113: 医療法人 | AU113: 3
AS114: 4 | AT114: 民法法人（社団・財団） | AU114: 4
AS115: 5 | AT115: 営利法人 | AU115: 5
AS116: 6 | AT116: 非営利法人（ＮＰＯ） | AU116: 6
AS117: 7 | AT117: 農協 | AU117: 7
AS118: 8 | AT118: 生協 | AU118: 8
AS119: 9 | AT119: その他法人 | AU119: 9
AS120: 10 | AT120: 地方公共団体（都道府県） | AU120: 10
AS121: 11 | AT121: 地方公共団体（市町村） | AU121: 11
AS122: 12 | AT122: 地方公共団体（広域連合・一部事務組合等） | AU122: 12
... AS125: 15 | AT125: その他 | AU125: 99
AS127: 1 | AT127: 新規
AS128: 2 | AT128: 変更
AS129: 3 | AT129: 指定サービスの追加/変更
AS131: 1 | AT131: 口座振替
AS132: 2 | AT132: 納付書(納入通知書)
AS133: 8 | AT133: 口座不払
AS134: 9 | AT134: 納付書不払
AS138: 異動事由
AS139: 1 | AT139: 受給資格取得
AS140: 2 | AT140: 受給資格喪失
AS141: 3 | AT141: 政令市における受給者の区間異動
AS142: 4 | AT142: 合併による新規
AS143: 99 | AT143: その他異動
AS146: --2019/04/12 J020874 富士通（鈴木） かながわシステム新元号対応（２次） ADD START
AS147: 委任状元号＿口座振込依頼書
AS148: 順番 | AT148: 項目名称
AS149: 1 | AT149: 令和
AS150: 2 | AT150: 平成
AS151: '--2019/04/12 J020874 富士通（鈴木） かながわシステム新元号対応（２次） ADD END

Sheet 口座振込依頼書
A1: 口座振込（変更）依頼書（兼 受領委任状）
A4: 神奈川県国民健康保険団体連合会理事長 殿
A6: 以下の口座に，次に掲げる介護給付費等の振込を依頼します。
U8: 令和 | AA8: 年 | AG8: 月 | AM8: 日
A11: 申請者（債権者） | C11: 法人名称 ( 開 設 者 ) | I11: =IF(第２号様式!G24<>"",第２号様式!G24,"") | AG11: 届出印
C13: 郵便番号 | I13: 〒 | K13: =IF(第２号様式!$H$25<>"",IF(LEN(第２号様式!$H$25)>6,LEFT(第２号様式!$H$25,1),LEFT(REPT("0",7-LEN(第２号様式!$H$25))&第２号様式!$H$25,1)),"") | L13: =IF(第２号様式!$H$25<>"",IF(LEN(第２号様式!$H$25)>6,MID(第２号様式!$H$25,2,1),MID(REPT("0",7-LEN(第２号様式!$H$25))&第２号様式!$H$25,2,1)),"") | M13: =IF(第２号様式!$H$25<>"",IF(LEN(第２号様式!$H$25)>6,MID(第２号様式!$H$25,3,1),MID(REPT("0",7-LEN(第２号様式!$H$25))&第２号様式!$H$25,3,1)),"") | N13: - | O13: =IF(第２号様式!$H$25<>"",IF(LEN(第２号様式!$H$25)>6,MID(第２号様式!$H$25,4,1),MID(REPT("0",7-LEN(第２号様式!$H$25))&第２号様式!$H$25,4,1)),"") | P13: =IF(第２号様式!$H$25<>"",IF(LEN(第２号様式!$H$25)>6,MID(第２号様式!$H$25,5,1),MID(REPT("0",7-LEN(第２号様式!$H$25))&第２号様式!$H$25,5,1)),"") | Q13: =IF(第２号様式!$H$25<>"",IF(LEN(第２号様式!$H$25)>6,MID(第２号様式!$H$25,6,1),MID(REPT("0",7-LEN(第２号様式!$H$25))&第２号様式!$H$25,6,1)),"") | R13: =IF(第２号様式!$H$25<>"",IF(LEN(第２号様式!$H$25)>6,MID(第２号様式!$H$25,7,1),MID(REPT("0",7-LEN(第２号様式!$H$25))&第２号様式!$H$25,7,1)),"")
C14: 事業所 所在地 | I14: =IF(第２号様式!G26<>"",第２号様式!G26,"")
I16: =IF(第２号様式!G27<>"",第２号様式!G27,"")
C18: 代表者氏名 | I18: =IF(第２号様式!G31<>"",第２号様式!G31,"")
C20: 事業所名称 | I20: =IF(第２号様式!G36<>"",第２号様式!G36,"")
C22: 事業所番号 | I22: =IF(第２号様式!AA4<>"",LEFT(REPT("0",10-LEN(第２号様式!AA4))&第２号様式!AA4,1),"") | K22: =IF(第２号様式!AA4<>"",MID(REPT("0",10-LEN(第２号様式!AA4))&第２号様式!AA4,2,1),"") | M22: =IF(第２号様式!AA4<>"",MID(REPT("0",10-LEN(第２号様式!AA4))&第２号様式!AA4,3,1),"") | O22: =IF(第２号様式!AA4<>"",MID(REPT("0",10-LEN(第２号様式!AA4))&第２号様式!AA4,4,1),"") | Q22: =IF(第２号様式!AA4<>"",MID(REPT("0",10-LEN(第２号様式!AA4))&第２号様式!AA4,5,1),"") | S22: =IF(第２号様式!AA4<>"",MID(REPT("0",10-LEN(第２号様式!AA4))&第２号様式!AA4,6,1),"") | U22: =IF(第２号様式!AA4<>"",MID(REPT("0",10-LEN(第２号様式!AA4))&第２号様式!AA4,7,1),"") | W22: =IF(第２号様式!AA4<>"",MID(REPT("0",10-LEN(第２号様式!AA4))&第２号様式!AA4,8,1),"") | Y22: =IF(第２号様式!AA4<>"",MID(REPT("0",10-LEN(第２号様式!AA4))&第２号様式!AA4,9,1),"") | AA22: =IF(第２号様式!AA4<>"",MID(REPT("0",10-LEN(第２号様式!AA4))&第２号様式!AA4,10,1),"")
C24: 対象事業名 | I24: =第２号様式!AA5 | K24: =第２号様式!G41
A27: 送付先 | C27: 郵便番号 | I27: 〒 | K27: =IF(#REF!="","",LEFT(#REF!,3)) -> #REF! | N27: - | O27: =IF(#REF!="","",RIGHT(#REF!,4)) -> #REF!
C28: 送付先住所 | I28: =IF(#REF!="","",#REF!) -> #REF!
I30: =IF(#REF!="","",#REF!) -> #REF!
C32: 宛名 | I32: =IF(#REF!="","",#REF!) -> #REF!
C34: 電話番号 | I34: =IF(#REF!="","",#REF!) -> #REF! | L34: =IF(I34="","","-") -> #REF! | M34: =IF(#REF!="","",#REF!) -> #REF! | P34: =IF(M34="","","-") -> #REF! | Q34: =IF(#REF!="","",#REF!) -> #REF!
A37: 振込先 | C37: 金融機関名 | Y37: 金 融 機 関 コ ー ド
C39: 支店名 | Y39: 支 店 コ ー ド
C41: 口座番号 | W41: 預金種目 | AC41: 1
C43: 口座名義人 | E43: ﾌﾘｶﾞﾅ
E45: 氏名
A49: 受領委任状
C50: 申請者（債権者）は，口座名義人（受任者）に，上記介護給付費等の受領に関する一切の権限を
C51: 委任します。
C52: =U8 -> 令和 | F52: =IF(X8<>"",X8,"") | I52: 年 | J52: =IF(AD8<>"",AD8,"") | M52: 月 | N52: =IF(AJ8<>"",AJ8,"") | Q52: 日
C54: 委任者 | I54: =IF(I18<>"",I18,"") | AK54: 印
I57: ※振込エラー防止のためどちらか一方にチェックをお願いします。
E58: 取扱金融機関の確認を以下に明記します。 | V58: ２枚目に通帳のコピーを添付します。
A60: 金 融 機 関 記 載 欄
I61: 上記口座が存在することを確認しました。
K63: 金融機関名
K65: 確認年月日 | AH65: ㊞
A69: 【振込先金融機関 通帳の写し添付様式】
U72: =$U$8 -> 令和 | X72: =IF(X8<>"",X8,"") | AA72: 年 | AD72: =IF(AD8<>"",AD8,"") | AG72: 月 | AJ72: =IF(AJ8<>"",AJ8,"") | AM72: 日
E75: 事業所名 | K75: =IF(I20<>"",I20,"")
E81: ※振込先金融機関の通帳の表面の名義人名の写し
D98: こちらに通帳の表面の写しを貼ってください。
E106: ※振込先金融機関の通帳の名義人名カタカナの写し
E123: こちらにカタカナ部分の写しを貼ってください。

Sheet 付表別紙
A2: 付表 別紙 | F2: 他の事業所又は施設の従事者と兼務する相談支援専門員について
A5: 他の事業所又は施設の従業者と兼務する相談支援専門員を全て記載してください。 ※記入欄が不足する場合は追加して記入してください。
A6: 1 | C6: 氏 名 | K6: 事業所の名称
C7: フリガナ | K7: 事業の種類 | T7: 兼務する職種
C8: 氏名 | K8: 勤務時間
A9: 2 | C9: 氏 名 | K9: 事業所の名称
C10: フリガナ | K10: 事業の種類 | T10: 兼務する職種
C11: 氏名 | K11: 勤務時間
A12: 3 | C12: 氏 名 | K12: 事業所の名称
C13: フリガナ | K13: 事業の種類 | T13: 兼務する職種
C14: 氏名 | K14: 勤務時間
A15: 4 | C15: 氏 名 | K15: 事業所の名称
C16: フリガナ | K16: 事業の種類 | T16: 兼務する職種
C17: 氏名 | K17: 勤務時間
A18: 5 | C18: 氏 名 | K18: 事業所の名称
C19: フリガナ | K19: 事業の種類 | T19: 兼務する職種
C20: 氏名 | K20: 勤務時間

Sheet 【記載例】付表別紙
A2: 付表 別紙 | F2: 他の事業所又は施設の従事者と兼務する相談支援専門員について
A5: 他の事業所又は施設の従業者と兼務する相談支援専門員を全て記載してください。 ※記入欄が不足する場合は追加して記入してください。
A6: 1 | C6: 氏 名 | K6: 事業所の名称 | O6: ○○ヘルパーサービス
C7: フリガナ | F7: ｻｶﾞﾐ ｼﾞﾛｳ | K7: 事業の種類 | O7: 居宅介護 | T7: 兼務する職種 | X7: 管理者
C8: 氏名 | F8: 相模 次郎 | K8: 勤務時間 | O8: 平日（月曜日～金曜日） 10時から12時まで
A9: 2 | C9: 氏 名 | K9: 事業所の名称
C10: フリガナ | K10: 事業の種類 | T10: 兼務する職種
C11: 氏名 | K11: 勤務時間
A12: 3 | C12: 氏 名 | K12: 事業所の名称
C13: フリガナ | K13: 事業の種類 | T13: 兼務する職種
C14: 氏名 | K14: 勤務時間
A15: 4 | C15: 氏 名 | K15: 事業所の名称
C16: フリガナ | K16: 事業の種類 | T16: 兼務する職種
C17: 氏名 | K17: 勤務時間
A18: 5 | C18: 氏 名 | K18: 事業所の名称
C19: フリガナ | K19: 事業の種類 | T19: 兼務する職種
C20: 氏名 | K20: 勤務時間

Sheet 付表１
A1: 付表１ 指定特定相談支援事業所及び障害児相談支援支援事業所の指定に係る記載事項
AA2: ※受付番号
A4: 事業所 | C4: ﾌﾘｶﾞﾅ | I4: =IF(第２号様式!S42=1,IF(第２号様式!G35<>"",第２号様式!G35,""),"")
C5: 名 称 | I5: =IF(第２号様式!S42=1,IF(第２号様式!G36<>"",第２号様式!G36,""),"")
C6: 所在地 | I6: 〒 | K6: =IF(第２号様式!S42=1,IF(第２号様式!H37<>"",第２号様式!H37,""),"") | Q6: ←郵便番号を半角数字７桁で入力してください
I7: =IF(第２号様式!S42=1,IF(第２号様式!G38<>"",第２号様式!G38,""),"")
I8: =IF(第２号様式!S42=1,IF(第２号様式!G39<>"",第２号様式!G39,""),"")
C9: 連 絡 先 | I9: 電話番号 | W9: ＦＡＸ番号
A10: 当該事業の実施について定めてある定款・寄付行為等又は条例等
A11: 管理者 | C11: ﾌﾘｶﾞﾅ
C12: 氏 名
C13: 住 所 | I13: 〒 | Q13: ←郵便番号を半角数字７桁で入力してください
C16: 当該事業所における相談支援専門員との兼務の有無 | W16: 2
C17: 同一敷地内の他の事業所又は施設の従業者との兼務（兼務の場合記入） | O17: 事業所等の名称
O18: 事業の種類
O19: 兼務する職種
O20: 勤務時間
A21: 相談支援専門員 | C21: ﾌﾘｶﾞﾅ
C22: 氏 名
C23: 住 所 | I23: 〒 | Q23: ←郵便番号を半角数字７桁で入力してください
A26: 従業者の職種 ・員数 | C26: (単位：人） | I26: 相談支援専門員 | O26: その他の者 | U26: 他の事業所又は施設の従業者との兼務
I27: 専従 | L27: 兼務 | O27: 専従 | R27: 兼務 | U27: 1
C28: 従業者数 | F28: 常勤 | U28: 2
F29: 非常勤
C30: 常勤換算後の人数
C31: ※基準上の必要人数
A32: 主な掲示事項 | C32: 営業日 | AL32: FALSE | AM32: FALSE | AN32: FALSE | AO32: FALSE | AP32: FALSE | AQ32: FALSE | AR32: FALSE
C33: 営業時間 | I33: 平日 | O33: ～ | T33: 土曜 | Z33: ～ | AE33: 備考
I34: 日曜 | O34: ～ | T34: 祝日 | Z34: ～
C35: 主たる対象者 | AL35: FALSE | AM35: FALSE | AN35: FALSE | AO35: FALSE | AP35: FALSE
C36: 利用料 | AL36: ※未使用
C37: その他費用
C38: 通常の事業 の実施地域
A42: 総合的な相談支援の実施体制の具体的な方法 | C42: 主たる対象としていない者への対応体制
C43: 医療機関や行政との連携体制
C44: 計画的な研修又は当該事業所における事例の検討等を行う体制 | AL44: 1
A45: 相談支援機能強化型体制 | I45: 1 | R45: 行動障害支援体制加算 | Z45: 2
A46: 要医療児者支援体制加算 | I46: 2 | R46: 精神障害者支援体制加算 | Z46: 2
A47: 主任相談支援専門員配置加算 | I47: 2 | R47: ピアサポート体制加算 | Z47: 2
A48: （備考）
A49: １．「※」のついた欄には、記載しないでください。
A50: ２． 事業所の名称・所在地については、様式第１号から転記されます。
A51: ３．「主な掲示事項」欄には、その内容を簡潔に記載してください。

Sheet 付表１－２
A1: 付表１－２ 居宅介護等を事業所所在地以外の場所で一部実施する場合の記載事項
AA2: ※受付番号
AA3: ※出張所番号
A4: 事業所 | C4: ﾌﾘｶﾞﾅ
C5: 名 称
C6: 所在地 | I6: 〒 | Q6: ←郵便番号を半角数字７桁で入力してください
C9: 連 絡 先 | I9: 電話番号 | W9: ＦＡＸ番号
A10: 主な掲示事項 | C10: 営業日 | AL10: FALSE | AM10: FALSE | AN10: FALSE | AO10: FALSE | AP10: FALSE | AQ10: FALSE | AR10: FALSE
C11: 営業時間 | I11: 平日 | O11: ～ | T11: 土曜 | Z11: ～ | AE11: 備考
I12: 日曜 | O12: ～ | T12: 祝日 | Z12: ～
C13: サービス内容 | I13: 居宅介護 | AL13: FALSE | AM13: FALSE | AN13: FALSE
I14: 重度訪問介護 | W14: 行動援護 | AL14: FALSE | AM14: FALSE
I15: 同行援護 | AL15: FALSE
C16: 主たる対象者 | I16: 居宅介護 | AL16: FALSE | AM16: FALSE | AN16: FALSE | AO16: FALSE | AP16: FALSE
I17: 行動援護 | AL17: FALSE | AM17: FALSE | AN17: FALSE | AO17: FALSE
I18: 同行援護 | AL18: FALSE | AM18: FALSE
C19: 利用料
C20: その他費用
C21: 通常の事業 の実施地域
C25: その他参考 となる事項 | I25: 第三者評価の実施状況 | R25: 2
I26: 苦情解決の措置概要 | R26: 窓口（連絡先）
R27: 担当者
I28: その他
A29: （備考）
A30: １．「※」のついた欄には、記載しないでください。
A31: ２．「主な掲示事項」欄には、その内容を簡潔に記載してください。
A32: ３．「その他の費用」欄には、利用者に直接金銭の負担を求める場合のサービス内容について記載してください。
A33: ４．「通常の事業の実施地域」欄には、市区町村名を記載することとし、当該区域の全部又は一部の別を記載して
A34: ください。なお、一部の地域が実施地域である場合は適宜地図を添付してください。

Sheet 付表２
A1: 付表２ 療養介護事業所の指定に係る記載事項
AA2: ※受付番号
A4: 事業所 | C4: ﾌﾘｶﾞﾅ | I4: =IF(第２号様式!S42=2,IF(第２号様式!G35<>"",第２号様式!G35,""),"")
C5: 名 称 | I5: =IF(第２号様式!S42=2,IF(第２号様式!G36<>"",第２号様式!G36,""),"")
C6: 所在地 | I6: 〒 | K6: =IF(第２号様式!S42=2,IF(第２号様式!H37<>"",第２号様式!H37,""),"") | Q6: ←郵便番号を半角数字７桁で入力してください
I7: =IF(第２号様式!S42=2,IF(第２号様式!G38<>"",第２号様式!G38,""),"")
I8: =IF(第２号様式!S42=2,IF(第２号様式!G39<>"",第２号様式!G39,""),"")
C9: 連 絡 先 | I9: 電話番号 | W9: ＦＡＸ番号
A10: 当該事業の実施について定めてある定款・寄付行為等又は条例等
A11: 管理者 | C11: ﾌﾘｶﾞﾅ
C12: 氏 名
C13: 住 所 | I13: 〒 | Q13: ←郵便番号を半角数字７桁で入力してください
C16: 当該療養介護事業所で兼務する他の職種（兼務の場合のみ記入） | W16: 2
C17: 他の事業所又は施設の従業者との兼務（兼務の場合記入） | O17: 事業所等の名称
O18: 兼務する職種
O19: 勤務時間
A20: サービス 管理責任者 | C20: ﾌﾘｶﾞﾅ
C21: 氏 名
C22: 住 所 | I22: 〒 | Q22: ←郵便番号を半角数字７桁で入力してください
A25: 従業者の職種 ・員数（共通） | C25: (単位：人） | I25: サービス管理責任者 | O25: 医師
I26: 専従 | L26: 兼務 | O26: 専従 | R26: 兼務
C27: 従業者数 | F27: 常勤
F28: 非常勤
C29: 常勤換算後の人数
C30: ※基準上の必要人数
A31: 単位１ | C31: (単位：人） | I31: 生活支援員 | O31: 看護職員
I32: 専従 | L32: 兼務 | O32: 専従 | R32: 兼務 | U32: 専従 | X32: 兼務 | AA32: 専従 | AD32: 兼務
C33: 従業者数 | F33: 常勤
F34: 非常勤
C35: 常勤換算後の人数
C36: ※基準上の必要人数
C37: 前年度の平均利用者数 | O37: 人（単位ごとの利用者数。＊新規の場合は推定数）
C38: 単位ごとの利用定員 | O38: 人（単位ごとの利用定員）
C39: ※基準上の必要定員 | O39: 人 | AE39: ※単位番号
C40: ※利用定員超過減算 | N40: ※職員欠如減算 | S40: 2 | X40: ※人員配置区分 | AC40: 1 | AD40: =IF(ISNA(VLOOKUP(AC40, 出力変換_人員配置区分_療養介護,4,FALSE)),0, VLOOKUP(AC40, 出力変換_人員配置区分_療養介護,4,FALSE)) & "" -> 0 | AE40: 00 | AF40: =IF(ISNA(VLOOKUP(AE40, 取込変換_人員配置区分_療養介護,2,FALSE)),1, VLOOKUP(AE40, 取込変換_人員配置区分_療養介護,2,FALSE)) & "" -> 1
A41: 療養介護全体の利用定員 | O41: 人
A42: 前年度の平均利用者数 | O42: 人（事業所全体の利用者数。＊新規の場合は推定数）
A43: 主たる設備 | I43: 多目的室 | Y43: 2
I44: 医療法の規定により病院に置くべきものとされる設備 | Y44: 2
A45: 主な掲示事項 | C45: 利用料
C46: その他費用
C47: その他参考 となる事項 | I47: 第三者評価の実施状況 | R47: 2
I48: 苦情解決の措置概要 | R48: 窓口（連絡先）
I49: 1 | R49: 担当者
I50: その他
A51: ※加算等 | C51: 旧法施設定員数 | Q51: 人 | R51: 保障単位数 （９割保障） | S51: 0 | AI51: 単位
C52: 福祉専門職配置加算 | I52: 2 | R52: 保障単位数 （移行時運営安定化事業） | AI52: 単位
C53: 処遇改善助成金交付 | I53: 2 | R53: 処遇改善助成金 キャリアパス区分
C54: 移行時運営安定化事業
A55: （備考）
A56: １．「※」のついた欄には、記載しないでください。
A57: ２． 新設の場合には、「前年度の平均利用者数」欄は推定数を記入してください。
A59: （単位） 療養介護事業を複数の単位で行う場合の記載事項
AA60: ※受付番号
A62: 単位２ | C62: (単位：人） | I62: 生活支援員 | O62: 看護職員 | U62: 看護補助者
I63: 専従 | L63: 兼務 | O63: 専従 | R63: 兼務 | U63: 専従 | X63: 兼務 | AA63: 専従 | AD63: 兼務
C64: 従業者数 | F64: 常勤
F65: 非常勤
C66: 常勤換算後の人数
C67: ※基準上の必要人数
C68: 前年度の平均利用者数 | O68: 人（単位ごとの利用者数。＊新規の場合は推定数）
C69: 単位ごとの利用定員 | O69: 人（単位ごとの利用定員）
C70: ※基準上の必要定員 | O70: 人 | AE70: ※単位番号
C71: ※利用定員超過減算 | I71: 2 | N71: ※職員欠如減算 | S71: 2 | X71: ※人員配置区分 | AC71: 1 | AD71: =IF(ISNA(VLOOKUP(AC71, 出力変換_人員配置区分_療養介護,4,FALSE)),0, VLOOKUP(AC71, 出力変換_人員配置区分_療養介護,4,FALSE)) & "" -> 0 | AE71: 00 | AF71: =IF(ISNA(VLOOKUP(AE71, 取込変換_人員配置区分_療養介護,2,FALSE)),1, VLOOKUP(AE71, 取込変換_人員配置区分_療養介護,2,FALSE)) & "" -> 1
A72: 単位３ | C72: (単位：人） | I72: 生活支援員 | O72: 看護職員 | U72: 看護補助者
I73: 専従 | L73: 兼務 | O73: 専従 | R73: 兼務 | U73: 専従 | X73: 兼務 | AA73: 専従 | AD73: 兼務
C74: 従業者数 | F74: 常勤
F75: 非常勤
C76: 常勤換算後の人数
C77: ※基準上の必要人数
C78: 前年度の平均利用者数 | O78: 人（単位ごとの利用者数。＊新規の場合は推定数）
C79: 単位ごとの利用定員 | O79: 人（単位ごとの利用定員）
C80: ※基準上の必要定員 | O80: 人 | AE80: ※単位番号
C81: ※利用定員超過減算 | I81: 2 | N81: ※職員欠如減算 | S81: 2 | X81: ※人員配置区分 | AC81: 1 | AD81: =IF(ISNA(VLOOKUP(AC81, 出力変換_人員配置区分_療養介護,4,FALSE)),0, VLOOKUP(AC81, 出力変換_人員配置区分_療養介護,4,FALSE)) & "" -> 0 | AE81: 00 | AF81: =IF(ISNA(VLOOKUP(AE81, 取込変換_人員配置区分_療養介護,2,FALSE)),1, VLOOKUP(AE81, 取込変換_人員配置区分_療養介護,2,FALSE)) & "" -> 1
A82: 単位４ | C82: (単位：人） | I82: 生活支援員 | O82: 看護職員 | U82: 看護補助者
I83: 専従 | L83: 兼務 | O83: 専従 | R83: 兼務 | U83: 専従 | X83: 兼務 | AA83: 専従 | AD83: 兼務
C84: 従業者数 | F84: 常勤
F85: 非常勤
C86: 常勤換算後の人数
C87: ※基準上の必要人数
C88: 前年度の平均利用者数 | O88: 人（単位ごとの利用者数。＊新規の場合は推定数）
C89: 単位ごとの利用定員 | O89: 人（単位ごとの利用定員）
C90: ※基準上の必要定員 | O90: 人 | AE90: ※単位番号
C91: ※利用定員超過減算 | I91: 2 | N91: ※職員欠如減算 | S91: 2 | X91: ※人員配置区分 | AC91: 1 | AD91: =VLOOKUP(AC91,出力変換_人員配置区分_療養介護,4) -> #N/A | AE91: 00 | AF91: =VLOOKUP(AE91,取込変換_人員配置区分_療養介護,2) -> #N/A
A92: 単位５ | C92: (単位：人） | I92: 生活支援員 | O92: 看護職員 | U92: 看護補助者
I93: 専従 | L93: 兼務 | O93: 専従 | R93: 兼務 | U93: 専従 | X93: 兼務 | AA93: 専従 | AD93: 兼務
C94: 従業者数 | F94: 常勤
F95: 非常勤
C96: 常勤換算後の人数
C97: ※基準上の必要人数
C98: 前年度の平均利用者数 | O98: 人（単位ごとの利用者数。＊新規の場合は推定数）
C99: 単位ごとの利用定員 | O99: 人（単位ごとの利用定員）
C100: ※基準上の必要定員 | O100: 人 | AE100: ※単位番号
C101: ※利用定員超過減算 | I101: 2 | N101: ※職員欠如減算 | S101: 2 | X101: ※人員配置区分 | AC101: 1 | AD101: =VLOOKUP(AC101,出力変換_人員配置区分_療養介護,4) -> #N/A | AE101: 00 | AF101: =VLOOKUP(AE101,取込変換_人員配置区分_療養介護,2) -> #N/A

Sheet 付表３
A1: 付表３ 生活介護事業所の指定に係る記載事項
D2: ＊１ 従たる事業所のある場合は、付表３－２を併せて提出してください。 | AA2: ※受付番号
D3: ＊２ 多機能型事業実施時は、各事業の付表と付表13を併せて提出してください。
A4: 事業所 | C4: ﾌﾘｶﾞﾅ | I4: =IF(第２号様式!S42=3,IF(第２号様式!G35<>"",第２号様式!G35,""),"")
C5: 名 称 | I5: =IF(第２号様式!S42=3,IF(第２号様式!G36<>"",第２号様式!G36,""),"")
C6: 所在地 | I6: 〒 | K6: =IF(第２号様式!S42=3,IF(第２号様式!H37<>"",第２号様式!H37,""),"") | Q6: ←郵便番号を半角数字７桁で入力してください
I7: =IF(第２号様式!S42=3,IF(第２号様式!G38<>"",第２号様式!G38,""),"")
I8: =IF(第２号様式!S42=3,IF(第２号様式!G39<>"",第２号様式!G39,""),"")
C9: 連 絡 先 | I9: 電話番号 | W9: ＦＡＸ番号
A10: 当該事業の実施について定めてある定款・寄付行為等又は条例等
A11: 管理者 | C11: ﾌﾘｶﾞﾅ
C12: 氏 名
C13: 住 所 | I13: 〒 | Q13: ←郵便番号を半角数字７桁で入力してください
C16: 当該生活介護事業所で兼務する他の職種（兼務の場合のみ記入） | W16: 2
C17: 他の事業所又は施設の従業者との兼務（兼務の場合記入） | O17: 事業所等の名称
O18: 兼務する職種
O19: 勤務時間
A20: サービス 管理責任者 | C20: ﾌﾘｶﾞﾅ
C21: 氏 名
C22: 住 所 | I22: 〒 | Q22: ←郵便番号を半角数字７桁で入力してください
A25: 従業者の職種 ・員数(共通) | C25: (単位：人） | I25: サービス管理責任者 | N25: 医師
I26: 専従 | K26: 兼務 | N26: 専従 | P26: 兼務
C27: 従業者数 | F27: 常勤
F28: 非常勤
C29: 常勤換算後の人数
C30: ※基準上の必要人数
A31: 単位１ | C31: (単位：人） | I31: 看護職員 | N31: 理学療法士 | S31: 作業療法士 | X31: 機能訓練指導員 | AC31: 生活支援員
I32: 専従 | K32: 兼務 | N32: 専従 | P32: 兼務 | S32: 専従 | U32: 兼務 | X32: 専従 | Z32: 兼務 | AC32: 専従 | AE32: 兼務 | AL32: FALSE | AM32: FALSE | AN32: FALSE | AO32: FALSE | AP32: FALSE | AQ32: FALSE | AR32: FALSE
C33: 従業者数 | F33: 常勤
F34: 非常勤
C35: 常勤換算後の人数 | AL35: FALSE | AM35: FALSE | AN35: FALSE | AO35: FALSE | AP35: FALSE
C36: ※基準上の必要人数
C37: (単位：人） | I37: 精神保健福祉士
I38: 専従 | K38: 兼務 | N38: 専従 | P38: 兼務 | S38: 専従 | U38: 兼務 | X38: 専従 | Z38: 兼務 | AC38: 専従 | AE38: 兼務
C39: 従業者数 | F39: 常勤
F40: 非常勤
C41: 常勤換算後の人数
C42: ※基準上の必要人数
C43: 前年度の障害程度区分の平均値 | I43: 1
C44: 前年度の平均利用者数 | O44: 人（単位ごとの利用者数。＊新規の場合は推定数）
C45: 単位ごとの利用定員 | O45: 人（単位ごとの利用定員）
C46: ※基準上の必要定員 | O46: 人 | AE46: ※単位番号
C47: 営業日 | AL47: FALSE | AM47: FALSE | AN47: FALSE | AO47: FALSE | AP47: FALSE | AQ47: FALSE | AR47: FALSE
C48: 営業時間 | I48: 平日 | O48: ～ | T48: 土曜 | Z48: ～ | AE48: 備考
I49: 日曜 | O49: ～ | T49: 祝日 | Z49: ～
C50: 主たる対象者 | I50: 身体障害者 | AL50: FALSE | AM50: FALSE | AN50: FALSE | AO50: FALSE | AP50: FALSE
I51: 知的障害者 | W51: 精神障害者 | AL51: FALSE | AM51: FALSE
C52: ※利用定員超過減算 | I52: 2 | N52: ※職員欠如減算 | S52: 2 | X52: ※人員配置区分 | AC52: 1 | AD52: =IF(ISNA(VLOOKUP(AC52, 出力変換_人員配置区分_生活介護,4,FALSE)),0, VLOOKUP(AC52, 出力変換_人員配置区分_生活介護,4,FALSE)) & "" | AE52: 00 | AF52: =IF(ISNA(VLOOKUP(AE52, 取込変換_人員配置区分_生活介護,2,FALSE)),1, VLOOKUP(AE52, 取込変換_人員配置区分_生活介護,2,FALSE)) & "" -> 1
A53: 生活介護全体の利用定員 | N53: 人
A54: 前年度の平均利用者数 | O54: 人（事業所全体の利用者数。＊新規の場合は推定数）
A55: 主な掲示事項 | C55: 多機能型実施の有無 | I55: 2
C56: 利用料
C57: その他費用
C58: その他参考 となる事項 | I58: 第三者評価の実施状況 | R58: 2
I59: 苦情解決の措置概要 | R59: 窓口（連絡先）
R60: 担当者
I61: その他
C62: 協力医療機関 | E62: 名 称 | R62: 主 な 診療科名
E64: 名 称 | R64: 主 な 診療科名
E66: 名 称 | R66: 主 な 診療科名
A68: ※加算等 | K68: 2 | R68: 視覚・聴覚言語障害者支援加算 | Z68: 2
C69: 食事提供体制加算 | K69: 2 | R69: 旧法施設定員数 | AJ69: 人
C70: 利用日数特例届出有無 | I70: 3 | K70: 2 | R70: 保障単位数 （９割保障） | AI70: 単位
C71: 利用日数特例開始年月1 | R71: 利用日数特例終了年月1
C72: 利用日数特例開始年月2 | R72: 利用日数特例終了年月2
C73: 利用日数特例開始年月3 | R73: 利用日数特例終了年月3
C74: 利用日数特例開始年月4 | R74: 利用日数特例終了年月4
C75: リハビリテーション加算 | K75: 2 | R75: 福祉専門職配置加算 | Z75: 2
C76: 人員配置体制加算 | K76: 2
C77: 処遇改善助成金交付 | K77: 2 | R77: 処遇改善助成金 キャリアパス区分 | Y77: 2
C78: 保障単位数 （移行時運営安定化事業） | Q78: 単位 | R78: 主たるサービス種類 | Z78: 1 | AA78: =IF(ISNA(VLOOKUP(Z78, 出力変換_主たるサービス種類_付３,4,FALSE)),0, VLOOKUP(Z78, 出力変換_主たるサービス種類_付３,4,FALSE)) & "" -> 0 | AB78: 00 | AC78: =IF(ISNA(VLOOKUP(AB78, 取込変換_主たるサービス種類_付３,2,FALSE)),1, VLOOKUP(AB78, 取込変換_主たるサービス種類_付３,2,FALSE)) & "" -> 1
C79: 移行時運営安定化事業
A90: （備考）
A91: １．「※」のついた欄には、記載しないでください。
A92: ２．「看護職員」とは保健師、看護師、准看護師のことを言います。
A93: ３． 新設の場合には、「前年度の平均利用者数」欄は推定数を記入してください。
A94: ４．「主な掲示事項」欄には、その内容を簡潔に記載してください。
A95: ５．「兼務」欄は、施設入所支援事業以外との兼務を行う職員について記載してください。
A96: ６．「その他の費用」欄には、入所者に直接金銭の負担を求める場合のサービス内容について記載してください。
A97: （単位） 生活介護事業を複数の単位で行う場合の記載事項
AA98: ※受付番号
A100: 単位２ | C100: (単位：人） | I100: 看護職員 | N100: 理学療法士 | S100: 作業療法士 | X100: 機能訓練指導員 | AC100: 生活支援員
I101: 専従 | K101: 兼務 | N101: 専従 | P101: 兼務 | S101: 専従 | U101: 兼務 | X101: 専従 | Z101: 兼務 | AC101: 専従 | AE101: 兼務
C102: 従業者数 | F102: 常勤
F103: 非常勤
C104: 常勤換算後の人数
C105: ※基準上の必要人数
C106: (単位：人） | I106: 精神保健福祉士
I107: 専従 | K107: 兼務 | N107: 専従 | P107: 兼務 | S107: 専従 | U107: 兼務 | X107: 専従 | Z107: 兼務 | AC107: 専従 | AE107: 兼務
C108: 従業者数 | F108: 常勤
F109: 非常勤
C110: 常勤換算後の人数
C111: ※基準上の必要人数
C112: 前年度の障害程度区分の平均値 | I112: 1
C113: 前年度の平均利用者数 | O113: 人（単位ごとの利用者数。＊新規の場合は推定数）
C114: 単位ごとの利用定員 | O114: 人（単位ごとの利用定員）
C115: ※基準上の必要定員 | O115: 人 | AE115: ※単位番号
C116: 営業日 | AL116: FALSE | AM116: FALSE | AN116: FALSE | AO116: FALSE | AP116: FALSE | AQ116: FALSE | AR116: FALSE
C117: 営業時間 | I117: 平日 | O117: ～ | T117: 土曜 | Z117: ～ | AE117: 備考
I118: 日曜 | O118: ～ | T118: 祝日 | Z118: ～
...

Sheet 付表３－２
A1: 付表３－２ 一体的に実施する従たる事業所の指定に係る記載事項
D2: ＊ 多機能型事業実施時は、各事業の付表と付表13を併せて提出してください。 | AA2: ※受付番号
A4: 事業所 | C4: ﾌﾘｶﾞﾅ
C5: 名 称
C6: 所在地 | I6: 〒 | Q6: ←郵便番号を半角数字７桁で入力してください
C9: 連 絡 先 | I9: 電話番号 | W9: ＦＡＸ番号
A10: 従業者の職種・員数 | C10: (単位：人） | I10: 医師 | N10: サービス管理責任者 | S10: 看護職員 | X10: 理学療法士 | AC10: 作業療法士
I11: 専従 | K11: 兼務 | N11: 専従 | P11: 兼務 | S11: 専従 | U11: 兼務 | X11: 専従 | Z11: 兼務 | AC11: 専従 | AE11: 兼務
C12: 従業者数 | F12: 常勤
F13: 非常勤
C14: 常勤換算後の人数
C15: ※基準上の必要人数
C16: (単位：人） | I16: 機能訓練指導員 | N16: 生活支援員 | S16: 精神保健福祉士
I17: 専従 | K17: 兼務 | N17: 専従 | P17: 兼務 | S17: 専従 | U17: 兼務 | X17: 専従 | Z17: 兼務 | AC17: 専従 | AE17: 兼務
C18: 従業者数 | F18: 常勤
F19: 非常勤
C20: 常勤換算後の人数
C21: ※基準上の必要人数
A22: 従たる事業所の利用定員 | O22: 人
A23: （備考）
A24: １．「※」のついた欄には、記載しないでください。
A25: ２．「看護職員」とは保健師、看護師、准看護師のことを言います。
A26: ３．「兼務」欄は、施設入所支援事業以外との兼務を行う職員について記載してください。

Sheet 付表４
A1: 付表４ 児童デイサービス事業所の指定に係る記載事項
AA2: ※受付番号
AL3: TRUE
A4: 事業所 | C4: ﾌﾘｶﾞﾅ | I4: =IF(第２号様式!S42=4,IF(第２号様式!G35<>"",第２号様式!G35,""),"")
C5: 名 称 | I5: =IF(第２号様式!S42=4,IF(第２号様式!G36<>"",第２号様式!G36,""),"")
C6: 所在地 | I6: 〒 | K6: =IF(第２号様式!S42=4,IF(第２号様式!H37<>"",第２号様式!H37,""),"") | Q6: ←郵便番号を半角数字７桁で入力してください
I7: =IF(第２号様式!S42=4,IF(第２号様式!G38<>"",第２号様式!G38,""),"")
I8: =IF(第２号様式!S42=4,IF(第２号様式!G39<>"",第２号様式!G39,""),"")
C9: 連 絡 先 | I9: 電話番号 | W9: ＦＡＸ番号
A10: 当該事業の実施について定めてある定款・寄付行為等又は条例等
A11: 管理者 | C11: ﾌﾘｶﾞﾅ
C12: 氏 名
C13: 住 所 | I13: 〒 | Q13: ←郵便番号を半角数字７桁で入力してください
C16: 当該児童デイサービス事業所で兼務する他の職種（兼務の場合のみ記入） | W16: 2
C17: 他の事業所又は施設の従業者との兼務（兼務の場合記入） | O17: 事業所等の名称
O18: 兼務する職種
O19: 勤務時間
A20: サービス 管理責任者 | C20: ﾌﾘｶﾞﾅ
C21: 氏 名
C22: 住 所 | I22: 〒 | Q22: ←郵便番号を半角数字７桁で入力してください
A25: 従業者の職種 ・員数(共通) | C25: (単位：人） | I25: サービス管理責任者
I26: 専従 | L26: 兼務
C27: 従業者数 | F27: 常勤
F28: 非常勤
C29: 常勤換算後の人数
C30: ※基準上の必要人数
A31: 単位１ | C31: (単位：人） | I31: 指導員 | O31: 保育士
I32: 専従 | L32: 兼務 | O32: 専従 | R32: 兼務 | U32: 専従 | X32: 兼務 | AA32: 専従 | AD32: 兼務
C33: 従業者数 | F33: 常勤
F34: 非常勤
C35: 常勤換算後の人数
C36: ※基準上の必要人数
C37: 営業日 | AL37: FALSE | AM37: FALSE | AN37: FALSE | AO37: FALSE | AP37: FALSE | AQ37: FALSE | AR37: FALSE
C38: 営業時間 | I38: 平日 | O38: ～ | T38: 土曜 | Z38: ～ | AE38: 備考
I39: 日曜 | O39: ～ | T39: 祝日 | Z39: ～
C40: 単位ごとの利用定員 | O40: 人（単位ごとの利用定員） | AE40: ※単位番号
C41: ※利用定員超過減算 | N41: ※職員欠如減算 | S41: 2 | X41: ※施設等の区分 | AC41: 1 | AD41: =IF(ISNA(VLOOKUP(AC41, 出力変換_施設等の区分_児童デイ,4,FALSE)),0, VLOOKUP(AC41, 出力変換_施設等の区分_児童デイ,4,FALSE)) & "" -> 0 | AE41: 0 | AF41: =IF(ISNA(VLOOKUP(AE41, 取込変換_施設等の区分_児童デイ,2,FALSE)),1, VLOOKUP(AE41, 取込変換_施設等の区分_児童デイ,2,FALSE)) & "" -> 1
C42: ※指導員加配加算 | I42: 2
A43: 主な掲示事項 | C43: 児童デイ全体の利用定員 | O43: 人
C44: 多機能型実施の有無 | I44: 2
C45: 利用料
C46: その他費用
C47: 実施サービス | I47: 送迎サービス | O47: 2
C48: 設備 | I48: 日常生活訓練室 | O48: 2
C49: その他参考 となる事項 | I49: 第三者評価の実施状況 | R49: 2
I50: 苦情解決の措置概要 | R50: 窓口（連絡先）
R51: 担当者
I52: その他
A53: ※加算等 | C53: 定員区分 | I53: 1 | J53: =IF(ISNA(VLOOKUP(I53, 出力変換_定員区分_児童デイ,4,FALSE)),0, VLOOKUP(I53, 出力変換_定員区分_児童デイ,4,FALSE)) & "" -> 0 | K53: 00 | L53: =IF(ISNA(VLOOKUP(K53, 取込変換_定員区分_児童デイ,2,FALSE)),1, VLOOKUP(K53, 取込変換_定員区分_児童デイ,2,FALSE)) & "" -> 1 | R53: 福祉専門職配置加算 | AA53: 2
C54: 処遇改善助成金交付 | I54: 2 | R54: 処遇改善助成金 キャリアパス区分
A64: （備考）
A65: １．「※」のついた欄には、記載しないでください。
A66: ２．「主な掲示事項」欄には、その内容を簡潔に記載してください。
A67: ３．「その他の費用」欄には、食事の提供に要する費用等について記載してください。 | AL67: FALSE | AM67: FALSE | AN67: FALSE | AO67: FALSE | AP67: FALSE | AQ67: FALSE | AR67: FALSE
A68: （単位） 児童デイサービス事業を複数の単位で行う場合の記載事項
AA69: ※受付番号
A71: 単位 | C71: (単位：人） | I71: 指導員 | O71: 保育士
I72: 専従 | L72: 兼務 | O72: 専従 | R72: 兼務 | U72: 専従 | X72: 兼務 | AA72: 専従 | AD72: 兼務
C73: 従業者数 | F73: 常勤
F74: 非常勤
C75: 常勤換算後の人数
C76: ※基準上の必要人数
A77: ２ | C77: 営業日 | K77: 1 | AL77: FALSE | AM77: FALSE | AN77: FALSE | AO77: FALSE | AP77: FALSE | AQ77: FALSE | AR77: FALSE
C78: 営業時間 | T78: 土曜 | Z78: ～ | AE78: 備考
I79: 日曜 | O79: ～ | T79: 祝日 | Z79: ～ | AL79: FALSE | AM79: FALSE | AN79: FALSE | AO79: FALSE | AP79: FALSE | AQ79: FALSE | AR79: FALSE
C80: 単位ごとの利用定員 | O80: 人（単位ごとの利用定員） | AE80: ※単位番号
C81: ※利用定員超過減算 | I81: 2 | N81: ※職員欠如減算 | S81: 2 | X81: ※施設等の区分 | AC81: 1 | AD81: =IF(ISNA(VLOOKUP(AC81, 出力変換_施設等の区分_児童デイ,4,FALSE)),0, VLOOKUP(AC81, 出力変換_施設等の区分_児童デイ,4,FALSE)) & "" -> 0 | AE81: 0 | AF81: =IF(ISNA(VLOOKUP(AE81, 取込変換_施設等の区分_児童デイ,2,FALSE)),1, VLOOKUP(AE81, 取込変換_施設等の区分_児童デイ,2,FALSE)) & "" -> 1
C82: ※指導員加配加算 | I82: 2
A83: 単位 | C83: (単位：人） | I83: 指導員 | O83: 保育士
I84: 専従 | L84: 兼務 | O84: 専従 | R84: 兼務 | U84: 専従 | X84: 兼務 | AA84: 専従 | AD84: 兼務
C85: 従業者数 | F85: 常勤
F86: 非常勤
C87: 常勤換算後の人数
C88: ※基準上の必要人数
A89: ３ | C89: 営業日 | AL89: FALSE | AM89: FALSE | AN89: FALSE | AO89: FALSE | AP89: FALSE | AQ89: FALSE | AR89: FALSE
C90: 営業時間 | O90: ～ | T90: 土曜 | Z90: ～ | AE90: 備考
I91: 日曜 | O91: ～ | T91: 祝日 | Z91: ～ | AL91: FALSE | AM91: FALSE | AN91: FALSE | AO91: FALSE | AP91: FALSE | AQ91: FALSE | AR91: FALSE
C92: 単位ごとの利用定員 | O92: 人（単位ごとの利用定員） | AE92: ※単位番号
C93: ※利用定員超過減算 | I93: 2 | N93: ※職員欠如減算 | S93: 2 | X93: ※施設等の区分 | AC93: 1 | AD93: =IF(ISNA(VLOOKUP(AC93, 出力変換_施設等の区分_児童デイ,4,FALSE)),0, VLOOKUP(AC93, 出力変換_施設等の区分_児童デイ,4,FALSE)) & "" -> 0 | AE93: 0 | AF93: =IF(ISNA(VLOOKUP(AE93, 取込変換_施設等の区分_児童デイ,2,FALSE)),1, VLOOKUP(AE93, 取込変換_施設等の区分_児童デイ,2,FALSE)) & "" -> 1
C94: ※指導員加配加算 | I94: 2
A95: 単位 | C95: (単位：人） | I95: 指導員 | O95: 保育士
I96: 専従 | L96: 兼務 | O96: 専従 | R96: ※兼務 | U96: 専従 | X96: ※兼務 | AA96: 専従 | AD96: ※兼務
C97: 従業者数 | F97: 常勤
F98: 非常勤
C99: 常勤換算後の人数
C100: ※基準上の必要人数
A101: ４ | C101: 営業日 | AL101: FALSE | AM101: FALSE | AN101: FALSE | AO101: FALSE | AP101: FALSE | AQ101: FALSE | AR101: FALSE
C102: 営業時間 | I102: 平日 | O102: ～ | T102: 土曜 | Z102: ～ | AE102: 備考
I103: 日曜 | O103: ～ | T103: 祝日 | Z103: ～ | AL103: FALSE | AM103: FALSE | AN103: FALSE | AO103: FALSE | AP103: FALSE | AQ103: FALSE | AR103: FALSE
C104: 単位ごとの利用定員 | O104: 人（単位ごとの利用定員） | AE104: ※単位番号
C105: ※利用定員超過減算 | I105: 2 | N105: ※職員欠如減算 | S105: 2 | X105: ※施設等の区分 | AC105: 1 | AD105: =IF(ISNA(VLOOKUP(AC105, 出力変換_施設等の区分_児童デイ,4,FALSE)),0, VLOOKUP(AC105, 出力変換_施設等の区分_児童デイ,4,FALSE)) & "" -> 0 | AE105: 0 | AF105: =IF(ISNA(VLOOKUP(AE105, 取込変換_施設等の区分_児童デイ,2,FALSE)),1, VLOOKUP(AE105, 取込変換_施設等の区分_児童デイ,2,FALSE)) & "" -> 1
C106: ※指導員加配加算 | I106: 2
A107: 単位 | C107: (単位：人） | I107: 指導員 | O107: 保育士
I108: 専従 | L108: 兼務 | O108: 専従 | R108: 兼務 | U108: 専従 | X108: 兼務 | AA108: 専従 | AD108: 兼務
C109: 従業者数 | F109: 常勤
F110: 非常勤
C111: 常勤換算後の人数
C112: ※基準上の必要人数
A113: ５ | C113: 営業日 | AL113: FALSE | AM113: FALSE | AN113: FALSE | AO113: FALSE | AP113: FALSE | AQ113: FALSE | AR113: FALSE
C114: 営業時間 | I114: 平日 | O114: ～ | T114: 土曜 | Z114: ～ | AE114: 備考
...

Sheet 付表４－２
A1: 付表４－２ 一体的に実施する従たる事業所の指定に係る記載事項
AA2: ※受付番号
A4: 事業所 | C4: ﾌﾘｶﾞﾅ
C5: 名 称
C6: 所在地 | I6: 〒 | Q6: ←郵便番号を半角数字７桁で入力してください
C9: 連 絡 先 | I9: 電話番号 | W9: ＦＡＸ番号
A10: 従業者の職種 ・員数 | C10: (単位：人） | I10: 指導員 | O10: 保育士
I11: 専従 | L11: 兼務 | O11: 専従 | R11: 兼務 | U11: 専従 | X11: 兼務 | AA11: 専従 | AD11: 兼務
C12: 従業者数 | F12: 常勤
F13: 非常勤
C14: 常勤換算後の人数
C15: ※基準上の必要人数
A16: 従たる事業所の利用定員 | O16: 人
A17: （備考）
A18: １．「※」のついた欄には、記載しないでください。

Sheet 付表５
A1: 付表５ 短期入所事業所の指定に係る記載事項
AA2: ※受付番号
AL3: FALSE
A4: 事業所 | C4: ﾌﾘｶﾞﾅ | I4: =IF(第２号様式!S42=5,IF(第２号様式!G35<>"",第２号様式!G35,""),"")
C5: 名 称 | I5: =IF(第２号様式!S42=5,IF(第２号様式!G36<>"",第２号様式!G36,""),"")
C6: 所在地 | I6: 〒 | K6: =IF(第２号様式!S42=5,IF(第２号様式!H37<>"",第２号様式!H37,""),"") | Q6: ←郵便番号を半角数字７桁で入力してください
I7: =IF(第２号様式!S42=5,IF(第２号様式!G38<>"",第２号様式!G38,""),"")
I8: =IF(第２号様式!S42=5,IF(第２号様式!G39<>"",第２号様式!G39,""),"")
C9: 連 絡 先 | I9: 電話番号 | W9: ＦＡＸ番号
A10: 当該事業の実施について定めてある定款・寄付行為等又は条例等
A11: 管理者 | C11: ﾌﾘｶﾞﾅ
C12: 氏 名
C13: 住 所 | I13: 〒 | Q13: ←郵便番号を半角数字７桁で入力してください
C16: 当該短期入所事業所で兼務する他の職種（兼務の場合のみ記入） | W16: 2
C17: 他の事業所又は施設の従業者との兼務（兼務の場合記入） | O17: 事業所等の名称
O18: 兼務する職種
O19: 勤務時間
A20: 事業所の種別 | AL20: FALSE | AM20: FALSE | AN20: FALSE
C21: 併設型・単独型 の場合 | I21: 利用定員(人） | AI21: 人
I22: 前年度の平均入所者数（人） | AI22: 人
A23: 併設（本体）施設 | I23: 名称
I24: 施設種別等
I25: 入所者の定員 | AI25: 人
A26: 単独事業所の居室 | I26: １室の最大定員 | AI26: 人
I27: 入所者１人あたりの最小床面積 | AI27: ㎡
A28: 従業者の職種・員数 | C28: (単位：人） | I28: サービス 管理責任者 | M28: 医師 | Q28: 看護職員 | AG28: 心理判定員
Q29: 合計 | U29: 保健師 | Y29: 看護師 | AC29: 准看護師
I30: 専従 | K30: 兼務 | M30: 専従 | O30: 兼務 | Q30: 専従 | S30: 兼務 | U30: 専従 | W30: 兼務 | Y30: 専従 | AA30: 兼務 | AC30: 専従 | AE30: 兼務 | AG30: 専従 | AI30: 兼務
C31: 従業者数 | F31: 常勤
F32: 非常勤
C33: 常勤換算後の人数
C34: ※基準上の必要人数
C35: (単位：人） | I35: 職能判定員 | M35: 理学療法士等 | AC35: あんまマッサージ指圧師 | AG35: 生活支援員
M36: 合計 | Q36: 理学療法士 | U36: 作業療法士 | Y36: 機能訓練指導員
I37: 専従 | K37: 兼務 | M37: 専従 | O37: 兼務 | Q37: 専従 | S37: 兼務 | U37: 専従 | W37: 兼務 | Y37: 専従 | AA37: 兼務 | AC37: 専従 | AE37: 兼務 | AG37: 専従 | AI37: 兼務
C38: 従業者数 | F38: 常勤
F39: 非常勤
C40: 常勤換算後の人数
C41: ※基準上の必要人数
C42: (単位：人） | I42: 職業訓練員 | M42: 就労支援員 | Q42: 介護職員 | U42: 児童指導員 | Y42: 保育士 | AC42: 精神保健福祉士
I44: 専従 | K44: 兼務 | M44: 専従 | O44: 兼務 | Q44: 専従 | S44: 兼務 | U44: 専従 | W44: 兼務 | Y44: 専従 | AA44: 兼務 | AC44: 専従 | AE44: 兼務 | AG44: 専従 | AI44: 兼務
C45: 従業者数 | F45: 常勤
F46: 非常勤
C47: 常勤換算後の人数
C48: ※基準上の必要人数
A49: 主な掲示事項 | C49: 主たる対象者 | AL49: FALSE | AM49: FALSE | AN49: FALSE | AO49: FALSE | AP49: FALSE
C50: 利用料
C51: その他費用
C52: その他参考 となる事項 | I52: 第三者評価の実施状況 | R52: 2
I53: 苦情解決の措置概要 | R53: 窓口（連絡先）
I54: 1 | R54: 担当者
I55: その他
C56: 協力医療機関 | E56: 名 称 | R56: 主 な 診療科名
E58: 名 称 | R58: 主 な 診療科名
E60: 名 称 | R60: 主 な 診療科名
A62: ※加算等 | C62: 利用定員超過減算 | I62: 2 | N62: 職員欠如減算 | T62: 2 | Y62: 食事提供体制加算 | AF62: 2
C63: 医療型 | K63: FALSE | N63: 単独型加算 | T63: 2 | AL63: FALSE
C64: 栄養士配置加算 | I64: 4
C65: 処遇改善助成金交付 | I65: 2 | T65: 処遇改善助成金 キャリアパス区分
C66: 主たるサービス種類 (併設型・空床型のみ） | I66: 1 | J66: =IF(ISNA(VLOOKUP(I66, 出力変換_主たるサービス種類_付５,4,FALSE)),0, VLOOKUP(I66, 出力変換_主たるサービス種類_付５,4,FALSE)) & "" -> 0 | K66: 00 | L66: =IF(ISNA(VLOOKUP(K66, 取込変換_主たるサービス種類_付５,2,FALSE)),1, VLOOKUP(K66, 取込変換_主たるサービス種類_付５,2,FALSE)) & "" -> 1
A67: （備考）
A68: １．「※」のついた欄には、記載しないでください。
A69: ２． 新設の場合には、「前年度の平均入所者数」欄は推定数を記入してください。
A70: ３．「主な掲示事項」欄には、その内容を簡潔に記載してください。
A71: ４．「従業所の職種・員数」欄には、併設型の場合に本体施設の職員配置を記載して下さい。
A72: ５．「その他の費用」欄には、利用者に直接金銭の負担を求める場合のサービス内容について記載してください。

Sheet 付表６
A1: 付表６ 重度障害者等包括支援事業所の指定に係る記載事項
AA2: ※受付番号
A4: 事業所 | C4: ﾌﾘｶﾞﾅ | I4: =IF([2]様式第１号!S42=6,IF([2]様式第１号!G35<>"",[2]様式第１号!G35,""),"")
C5: 名 称 | I5: =IF([2]様式第１号!S42=6,IF([2]様式第１号!G36<>"",[2]様式第１号!G36,""),"")
C6: 所在地 | I6: 〒 | K6: =IF([2]様式第１号!S42=6,IF([2]様式第１号!H37<>"",[2]様式第１号!H37,""),"") | Q6: ←郵便番号を半角数字７桁で入力してください
I7: =IF([2]様式第１号!S42=6,IF([2]様式第１号!G38<>"",[2]様式第１号!G38,""),"")
I8: =IF([2]様式第１号!S42=6,IF([2]様式第１号!G39<>"",[2]様式第１号!G39,""),"")
C9: 連 絡 先 | I9: 電話番号 | W9: ＦＡＸ番号
A10: 当該事業の実施について定めてある定款・寄付行為等又は条例等
A11: 管理者 | C11: ﾌﾘｶﾞﾅ
C12: 氏 名
C13: 住 所 | I13: 〒 | Q13: ←郵便番号を半角数字７桁で入力してください
C16: サービス提供責任者との兼務の有無 | W16: 2
C17: 当該重度障害者等包括支援事業所で兼務する他の職種（兼務の場合のみ記入
C18: 他の事業所又は施設の従業者との兼務（兼務の場合記入） | O18: 事業所等の名称
O19: 兼務する職種
O20: 勤務時間
A21: サービス 提供責任者 | C21: ﾌﾘｶﾞﾅ
C22: 氏 名
C23: 住 所 | I23: 〒 | Q23: ←郵便番号を半角数字７桁で入力してください
A26: 事業所の体制 | C26: 他に指定を 受けている 障害福祉 サービス等 | I26: 種類 | Q26: 事業所名 | AE26: 事業所番号
C32: 委託による 提携事業所 | I32: 種類 | Q32: 事業所名 | AE32: 事業所番号
C38: 協力医療機関 | E38: 名 称 | R38: 主 な 診療科名
E40: 名 称 | R40: 主 な 診療科名
E42: 名 称 | R42: 主 な 診療科名
C44: 利用者からの連絡対応体制の概要
A45: 主な掲示事項 | C45: 主たる対象者 | I45: 身体障害者 | W45: 障害児 | AL45: FALSE | AM45: FALSE
I46: 知的障害者 | W46: 精神障害者 | AL46: FALSE | AM46: FALSE
C47: 利用者数 | R47: 人
C48: 利用料
C49: その他費用
C50: 通常の事業 の実施地域
C54: その他参考 となる事項 | I54: 第三者評価の実施状況 | R54: 2
I55: 苦情解決の措置概要 | R55: 窓口（連絡先）
R56: 担当者
I57: その他
A58: ※加算等 | C58: 類型 | AL58: FALSE | AM58: FALSE | AN58: FALSE
C59: 処遇改善助成金交付 | I59: 2 | R59: 処遇改善助成金 キャリアパス区分
A60: （備考）
A61: １．「※」のついた欄には、記載しないでください。
A62: ２．「他に指定を受けている障害福祉サービス」欄には、重度障害者等包括支援以外に指定を受けているものについて | AI62: 1
A63: 記載してください。重度包括支援と同時に指定を受けようとする場合は事業所番号の記載は不要です。
A64: ３． 第三者に委託して障害福祉サービスを提供する場合は、予定している事業所を「委託による提携事業所」に記載して
A65: ください。なお、指定事業所でない場合は事業所番号の記載は不要です。 | I65: 2
A66: ４．「主な掲示事項」欄には、その内容を簡潔に記載してください。
A67: ５．「利用者数」欄には、当該事業所において提供できる利用者の数を記載してください。
A68: ６．「その他の費用」欄には、利用者に直接金銭の負担を求める場合のサービス内容について記載してください。
A69: ７．「通常の事業の実施地域」欄には、市区町村名を記載することとし、当該区域の全部又は一部の別を記載してくだ
A70: さい。なお、一部の地域が実施地域である場合は適宜地図を添付してください。

Sheet 付表７
A1: 付表７ 共同生活介護事業所（ケアホーム）・共同生活援助事業所（グループホーム）の指定に係る記載事項
AG2: その１
A4: ※申請する事業 | F4: =IF([2]様式第１号!S42=7,IF([2]様式第１号!AS136<>"",[2]様式第１号!AS136,""),"") | AA4: ※受付番号
A6: 主たる事業所 | C6: ﾌﾘｶﾞﾅ | I6: =IF([2]様式第１号!S42=7,IF([2]様式第１号!G35<>"",[2]様式第１号!G35,""),"")
C7: 名 称 | I7: =IF([2]様式第１号!S42=7,IF([2]様式第１号!G36<>"",[2]様式第１号!G36,""),"")
C8: 所在地 | I8: 〒 | K8: =IF([2]様式第１号!S42=7,IF([2]様式第１号!H37<>"",[2]様式第１号!H37,""),"") | Q8: ←郵便番号を半角数字７桁で入力してください
I9: =IF([2]様式第１号!S42=7,IF([2]様式第１号!G38<>"",[2]様式第１号!G38,""),"")
I10: =IF([2]様式第１号!S42=7,IF([2]様式第１号!G39<>"",[2]様式第１号!G39,""),"")
C11: 連 絡 先 | I11: 電話番号 | W11: ＦＡＸ番号
A12: 当該事業の実施について定めてある定款・寄付行為等又は条例等
A13: 管理者 | C13: ﾌﾘｶﾞﾅ
C14: 氏 名
C15: 住 所 | I15: 〒 | Q15: ←郵便番号を半角数字７桁で入力してください
C18: 他の事業所、施設又は医療機関の従業者との兼務（兼務の場合記入） | O18: 事業所等の名称
O19: 兼務する職種
O20: 勤務時間
A21: 利用定員 | O21: 人（事業所全体の利用者数。）
A22: 前年度の平均利用者数 | O22: 人（事業所全体の利用者数。＊新規の場合は推定数）
A23: サービス 管理責任者 | C23: ﾌﾘｶﾞﾅ
C24: 氏 名
C25: 住 所 | I25: 〒 | Q25: ←郵便番号を半角数字７桁で入力してください
A28: 従業者の職種 ・員数 | C28: (単位：人） | I28: 世話人 | O28: 生活支援員 | U28: サービス管理責任者
I29: 専従 | L29: 兼務 | O29: 専従 | R29: 兼務 | U29: 専従 | X29: 兼務
C30: 従業者数 | F30: 常勤
F31: 非常勤
C32: 常勤換算後の人数
C33: ※基準上の必要人数
A34: 地域移行型ホーム の場合 | I34: 同一敷地内にある入所施設又は病院 | O34: 名 称
O35: 所在地
A36: 共同生活介護の場合 | R36: 2 | Z36: 「有」の場合 | AE36: 月 | AI36: 時間
A37: 障害者支援施設等 との連携体制等 | I37: 連携施設 | O37: 名 称
O38: 所在地
I39: 支援体制の概要
A40: その他参考となる事項 | I40: 第三者評価の実施状況 | R40: 2
I41: 苦情解決の措置概要 | R41: 窓口（連絡先）
R42: 担当者
I43: その他
A44: 協力医療機関 | C44: 名 称 | R44: 主 な 診療科名
AL45: FALSE | AM45: FALSE
C46: 名 称 | R46: 主 な 診療科名 | AL46: FALSE | AM46: FALSE
C48: 名 称 | R48: 主 な 診療科名
C50: 協力歯科医療機関 | I50: 名 称
A51: 経過的居宅介護利用型 の場合 | I51: 平成18年9月30日において、居宅介護（身体介護・家事援助・日常生活支援）を利用している利用者数 | AC51: 人 | AD51: 2
A52: ※加算等 | C52: 職員欠如減算 | I52: 2 | R52: 人員配置区分 | Z52: 1 | AA52: =IF(ISNA(VLOOKUP(Z52, 出力変換_人員配置区分_共同生活援助,4,FALSE)),0, VLOOKUP(Z52, 出力変換_人員配置区分_共同生活援助,4,FALSE)) & "" -> 0 | AB52: 00 | AC52: =IF(ISNA(VLOOKUP(AB52, 取込変換_人員配置区分_共同生活援助,2,FALSE)),1, VLOOKUP(AB52, 取込変換_人員配置区分_共同生活援助,2,FALSE)) & "" -> 1
C53: 自立生活支援加算 | I53: 2 | R53: 保障単位 （９割保障） | AI53: 単位
C54: 旧法施設定員数 | Q54: 人
C55: 福祉専門職配置加算 | I55: 2 | R55: 地域生活移行個別支援特別加算 | Z55: 2
C56: 処遇改善助成金交付 | I56: 2 | R56: 処遇改善助成金 キャリアパス区分
C57: 保障単位数 （移行時運営安定化） | R57: 単位
C58: 移行時運営安定化事業 | AL58: FALSE | AM58: FALSE | AN58: FALSE
A66: ＊主たる事業所とは、複数の共同生活住居がある場合、当該事業所からいずれの共同生活住居に対しても、概ね30分程度で移動可能な範囲にある事業所をいう。
A67: 付表７ | AG67: その２－１
AB69: 枚中 | AH69: 枚目
A70: 共同生活住居 | C70: ﾌﾘｶﾞﾅ | AE70: ※単位番号
C71: 名 称
C72: 所在地 | I72: 〒 | Q72: ←郵便番号を半角数字７桁で入力してください
C75: 連 絡 先 | I75: 電話番号 | W75: ＦＡＸ番号
C76: 建物の形態
C77: ①住居区分 | I77: 4 | Z77: その他の場合
C78: ②建物所有者名
C79: ③賃貸借契約 の内容 | I79: 敷金 | P79: 円 | R79: 礼金 | Y79: 円 | AA79: 家賃(月額） | AI79: 円
I80: 契約期間 | P80: 年 | R80: 賃借料がない理由
C81: ④住居の利用定員 | P81: 人
C82: ⑤居室数 | P82: 室 | R82: （うち個室） | AE82: 室
A83: 1 | C83: ⑥入居者１人あたりの居室の最小床面積 | AE83: ㎡
C84: 主たる対象者
C85: 利用料
C86: その他費用
C87: ※加算等 | D87: 重度障害者支援加算 | I87: 2 | T87: 3
D88: ＧＨ夜間支援体制加算 | I88: 1 | J88: =IF(ISNA(VLOOKUP(I88, 出力変換_ＣＨ夜間支援体制加算,4,FALSE)),0, VLOOKUP(I88, 出力変換_ＣＨ夜間支援体制加算,4,FALSE)) & "" -> 0 | K88: 00 | L88: =IF(ISNA(VLOOKUP(K88, 取込変換_ＣＨ夜間支援体制加算,2,FALSE)),1, VLOOKUP(K88, 取込変換_ＣＨ夜間支援体制加算,2,FALSE)) & "" -> 1 | P88: 人 | T88: 0
D89: ＧＨ夜間防災体制加算 | I89: 1 | J89: =IF(ISNA(VLOOKUP(I89, 出力変換_ＧＨ夜間防災体制加算,4,FALSE)),0, VLOOKUP(I89, 出力変換_ＧＨ夜間防災体制加算,4,FALSE)) & "" -> 0 | K89: 00 | L89: =IF(ISNA(VLOOKUP(K89, 取込変換_ＧＨ夜間防災体制加算,2,FALSE)),1, VLOOKUP(K89, 取込変換_ＧＨ夜間防災体制加算,2,FALSE)) & "" -> 1 | P89: 人
D90: 大規模住居減算 | I90: 3
A91: 共同生活住居 | C91: ﾌﾘｶﾞﾅ | AE91: ※単位番号
C92: 名 称
C93: 所在地 | I93: 〒 | Q93: ←郵便番号を半角数字７桁で入力してください
C96: 連 絡 先 | I96: 電話番号 | W96: ＦＡＸ番号
C97: 建物の形態
C98: ①住居区分 | I98: 4 | Z98: その他の場合
C99: ②建物所有者名
C100: ③賃貸借契約 の内容 | I100: 敷金 | P100: 円 | R100: 礼金 | Y100: 円 | AA100: 家賃(月額） | AI100: 円
I101: 契約期間 | P101: 年 | R101: 賃借料がない理由
C102: ④住居の利用定員 | P102: 人
C103: ⑤居室数 | P103: 室 | R103: （うち個室） | AE103: 室
A104: ２ | C104: ⑥入居者１人あたりの居室の最小床面積 | AE104: ㎡
C105: 主たる対象者
C106: 利用料
C107: その他費用
C108: ※加算等 | D108: 重度障害者支援加算 | I108: 2 | T108: 3
D109: ＣＨ夜間支援体制加算 | I109: 1 | J109: =IF(ISNA(VLOOKUP(I109, 出力変換_ＣＨ夜間支援体制加算,4,FALSE)),0, VLOOKUP(I109, 出力変換_ＣＨ夜間支援体制加算,4,FALSE)) & "" -> 0 | K109: 00 | L109: =IF(ISNA(VLOOKUP(K109, 取込変換_ＣＨ夜間支援体制加算,2,FALSE)),1, VLOOKUP(K109, 取込変換_ＣＨ夜間支援体制加算,2,FALSE)) & "" -> 1 | P109: 人 | T109: 0
D110: ＧＨ夜間防災体制加算 | I110: 1 | J110: =IF(ISNA(VLOOKUP(I110, 出力変換_ＧＨ夜間防災体制加算,4,FALSE)),0, VLOOKUP(I110, 出力変換_ＧＨ夜間防災体制加算,4,FALSE)) & "" -> 0 | K110: 00 | L110: =IF(ISNA(VLOOKUP(K110, 取込変換_ＧＨ夜間防災体制加算,2,FALSE)),1, VLOOKUP(K110, 取込変換_ＧＨ夜間防災体制加算,2,FALSE)) & "" -> 1 | P110: 人
D111: 大規模住居減算 | I111: 3
A112: 共同生活住居 | C112: ﾌﾘｶﾞﾅ | AE112: ※単位番号
C113: 名 称
C114: 所在地 | I114: 〒 | Q114: ←郵便番号を半角数字７桁で入力してください
C117: 連 絡 先 | I117: 電話番号 | W117: ＦＡＸ番号
C118: 建物の形態
C119: ①住居区分 | I119: 4 | Z119: その他の場合
C120: ②建物所有者名
C121: ③賃貸借契約 の内容 | I121: 敷金 | P121: 円 | R121: 礼金 | Y121: 円 | AA121: 家賃(月額） | AI121: 円
I122: 契約期間 | P122: 年 | R122: 賃借料がない理由
...

Sheet 付表８その１
A1: 付表８ その１ 障害者支援施設の指定に係る記載事項
AA2: ※受付番号
A4: 施設 | C4: ﾌﾘｶﾞﾅ | I4: =IF([2]様式第１号!S42=8,IF([2]様式第１号!G35<>"",[2]様式第１号!G35,""),"")
C5: 名 称 | I5: =IF([2]様式第１号!S42=8,IF([2]様式第１号!G36<>"",[2]様式第１号!G36,""),"")
C6: 所在地 | I6: 〒 | K6: =IF([2]様式第１号!S42=8,IF([2]様式第１号!H37<>"",[2]様式第１号!H37,""),"") | Q6: ←郵便番号を半角数字７桁で入力してください
I7: =IF([2]様式第１号!S42=8,IF([2]様式第１号!G38<>"",[2]様式第１号!G38,""),"")
I8: =IF([2]様式第１号!S42=8,IF([2]様式第１号!G39<>"",[2]様式第１号!G39,""),"")
C9: 連 絡 先 | I9: 電話番号 | W9: ＦＡＸ番号
A10: 管理者 | C10: ﾌﾘｶﾞﾅ
C11: 氏 名
C12: 住 所 | I12: 〒 | Q12: ←郵便番号を半角数字７桁で入力してください
A15: 昼間実施サービスの定員
C16: 合計 | I16: 介護給付対象者 | O16: 訓練等給付対象者 | U16: 特定旧法受給者 | AA16: 定員緩和措置の有無
G17: 人 | M17: 人 | S17: 人 | Y17: 人 | AA17: 2
A18: 施設入所支援の定員 | Y18: 人
A19: 他の社会福祉施設 との併設の有無 | I19: 2 | S19: 併設施設の種別
S20: 併設施設の定員 | AI20: 人
A21: 従業者の職種・員数 | C21: (単位：人） | I21: サービス 管理責任者 | M21: 医師 | Q21: 看護職員
Q22: 合計 | U22: 保健師 | Y22: 看護師 | AC22: 准看護師
I23: 専従 | K23: 兼務 | M23: 専従 | O23: 兼務 | Q23: 専従 | S23: 兼務 | U23: 専従 | W23: 兼務 | Y23: 専従 | AA23: 兼務 | AC23: 専従 | AE23: 兼務
C24: 従業者数 | F24: 常勤
F25: 非常勤
C26: 常勤換算後の人数
C27: ※基準上の必要人数
C28: (単位：人） | I28: 理学療法士等 | Y28: 生活支援員
I29: 合計 | M29: 理学療法士 | Q29: 作業療法士 | U29: 機能訓練指導員 | Y29: 合計 | AC29: 通所 | AG29: 訪問
I30: 専従 | K30: 兼務 | M30: 専従 | O30: 兼務 | Q30: 専従 | S30: 兼務 | U30: 専従 | W30: 兼務 | Y30: 専従 | AA30: 兼務 | AC30: 専従 | AE30: 兼務 | AG30: 専従 | AI30: 兼務
C31: 従業者数 | F31: 常勤
F32: 非常勤
C33: 常勤換算後の人数
C34: ※基準上の必要人数
C35: (単位：人） | I35: 職業指導員 | U35: 就労支援員 | Y35: 栄養士
I36: 合計 | M36: 右記以外 | Q36: 兼教官
I37: 専従 | K37: 兼務 | M37: 専従 | O37: 兼務 | Q37: 専従 | S37: 兼務 | U37: 専従 | W37: 兼務 | Y37: 専従 | AA37: 兼務 | AC37: 専従 | AE37: 兼務 | AG37: 専従 | AI37: 兼務
C38: 従業者数 | F38: 常勤
F39: 非常勤
C40: 常勤換算後の人数
C41: ※基準上の必要人数
A42: 主な掲示事項 | C42: 主たる対象者 | I42: 身体障害者 | AL42: FALSE | AM42: FALSE | AN42: FALSE | AO42: FALSE | AP42: FALSE
I43: 知的障害者 | W43: 精神障害者 | AL43: FALSE | AM43: FALSE
C44: その他参考 となる事項 | I44: 第三者評価の実施状況
I45: 苦情解決の措置概要 | R45: 窓口（連絡先）
R46: 担当者
I47: その他
C48: 協力医療機関 | E48: 名 称 | R48: 主 な 診療科名
E50: 名 称 | R50: 主 な 診療科名
E52: 名 称 | R52: 主 な 診療科名
C54: 協力歯科医療機関 | I54: 名 称
A55: ※旧法施設定員数 | Q55: 人
A58: （備考）
A59: １．「※」のついた欄には、記載しないでください。
A60: ２． 昼間に複数の施設障害福祉サービスを実施する場合、「昼間実施サービスの定員」欄には、給付の種類ごとに定員の合計数
A61: を記載してください。
A62: ３． 施設入所支援に複数のサービス単位を設ける場合、「施設入所支援の定員」欄には、定員の合計数を記載してください。
A63: ４．「定員緩和措置の有無」欄は、最低基準省令第百七十七号第九条第二項に基づく利用定員緩和措置の適用の有無について記載
A64: してください。
A65: ５．「従業員の職種・員数」欄には、職種ごとに、昼間実施サービスの従事者の合計数を記載してください。
A66: ６．「主な掲示事項」欄には、その内容を簡潔に記載してください。

Sheet 付表８その２
A1: 付表８ その２ 昼間実施サービスに係る記載事項
AA2: ※受付番号
A4: 施設 | C4: ﾌﾘｶﾞﾅ | I4: =IF([2]付表８その１!I4<>"",[2]付表８その１!I4,"")
C5: 名 称 | I5: =IF([2]付表８その１!I5<>"",[2]付表８その１!I5,"")
C6: 所在地 | I6: 〒 | K6: =IF([2]付表８その１!K6<>"",[2]付表８その１!K6,"") | Q6: ←郵便番号を半角数字７桁で入力してください
I7: =IF([2]付表８その１!I7<>"",[2]付表８その１!I7,"")
I8: =IF([2]付表８その１!I8<>"",[2]付表８その１!I8,"")
C9: 連 絡 先 | I9: 電話番号 | M9: =IF([2]付表８その１!M9<>"",[2]付表８その１!M9,"") | W9: ＦＡＸ番号 | AA9: =IF([2]付表８その１!AA9<>"",[2]付表８その１!AA9,"")
A10: 管理者 | C10: ﾌﾘｶﾞﾅ | I10: =IF([2]付表８その１!I10<>"",[2]付表８その１!I10,"")
C11: 氏 名 | I11: =IF([2]付表８その１!I11<>"",[2]付表８その１!I11,"")
C12: 住 所 | I12: 〒 | K12: =IF([2]付表８その１!K12<>"",[2]付表８その１!K12,"") | Q12: ←郵便番号を半角数字７桁で入力してください
I13: =IF([2]付表８その１!I13<>"",[2]付表８その１!I13,"")
I14: =IF([2]付表８その１!I14<>"",[2]付表８その１!I14,"")
A15: 昼間実施サービスの種類 | I15: 生活介護 | S15: 自立訓練 | Y15: 就労移行支援 | AE15: 就労継続支援
S16: （機能） | V16: （生活） | Y16: （通常） | AB16: （資格） | AE16: （Ａ型） | AH16: （Ｂ型）
C17: 実施するサービス | I17: 単位の有無
C18: 前年度の平均利用者数 | O18: 人 | R18: 人 | U18: 人 | X18: 人 | AA18: 人 | AD18: 人 | AG18: 人 | AJ18: 人
C19: 昼間多機能の有無 | I19: 2 | S19: 昼間の総定員数 | AI19: 人
A20: 当該事業の実施について定めてある定款・寄付行為等又は条例等
A21: ＊生活介護を行う場合のみ記入 | P21: 施設が申告する障害程度区分の平均値
C22: 前年度の平均 実利用者数 | I22: サービス単位１ | P22: 4
I23: サービス単位２ | P23: 4
I24: サービス単位３ | P24: 4
I25: サービス単位４ | P25: 4
A26: 主な掲示事項 | C26: 利用料
C27: その他費用
C28: 通常の事業 の実施地域 | U28: 2
C32: その他
A33: 施設障害福祉サービスの種類 | AE33: ※単位番号
A34: 単位 | C34: (単位：人） | I34: サービス 管理責任者 | M34: 医師 | Q34: 看護職員 | U34: 理学療法士等 | AG34: 就労支援員
U35: 合計 | Y35: ＯＴ・ＰＴ | AC35: 機能訓練指導員
I36: 専従 | K36: 兼務 | M36: 専従 | O36: 兼務 | Q36: 専従 | S36: 兼務 | U36: 専従 | W36: 兼務 | Y36: 専従 | AA36: 兼務 | AC36: 専従 | AE36: 兼務 | AG36: 専従 | AI36: 兼務
C37: 従業者数 | F37: 常勤
F38: 非常勤
C39: 常勤換算後の人数
C40: ※基準上の必要人数
C41: (単位：人） | I41: 職業指導員 | U41: 生活支援員 | AG41: 栄養士
I42: 合計 | M42: 右記以外 | Q42: 兼教官 | U42: 合計 | Y42: 通所 | AC42: 訪問 | AL42: FALSE | AM42: FALSE | AN42: FALSE | AO42: FALSE | AP42: FALSE
I43: 専従 | K43: 兼務 | M43: 専従 | O43: 兼務 | Q43: 専従 | S43: 兼務 | U43: 専従 | W43: 兼務 | Y43: 専従 | AA43: 兼務 | AC43: 専従 | AE43: 兼務 | AG43: 専従 | AI43: 兼務 | AL43: FALSE | AM43: FALSE
C44: 従業者数 | F44: 常勤
F45: 非常勤
C46: 常勤換算後の人数
C47: ※基準上の必要人数
C48: (単位：人） | I48: その他の従業者
A49: １
I50: 専従 | K50: 兼務 | M50: 専従 | O50: 兼務 | Q50: 専従 | S50: 兼務 | U50: 専従 | W50: 兼務 | Y50: 専従 | AA50: 兼務 | AC50: 専従 | AE50: 兼務 | AG50: 専従 | AI50: 兼務
C51: 従業者数 | F51: 常勤
F52: 非常勤
C53: 常勤換算後の人数
C54: ※基準上の必要人数
C55: 前年度の平均利用者数 | O55: 人（単位ごとの利用者数。＊新規の場合は推定数）
C56: 単位ごとの利用定員 | O56: 人（単位ごとの利用定員）
C57: ※基準上の必要定員 | O57: 人
C58: 営業日
C59: 営業時間 | I59: 平日 | O59: ～ | T59: 土曜 | Z59: ～ | AE59: 備考
I60: 日曜 | O60: ～ | T60: 祝日 | Z60: ～
C61: 主たる対象者 | I61: 身体障害者
I62: 知的障害者 | W62: 精神障害者
A63: （備考）
A64: １．「※」の付いた欄には、記載しないでください。
A65: ２．「昼間実施サービスの種類」欄は、当該申請サービスについて、該当欄にチェックしてください。
A66: ３． 新設の場合には、「前年度の平均実利用者数」欄は推定数を記入してください。
A67: ４．「その他の費用」欄には、入所者に直接金銭の負担を求める場合のサービス内容について記載してください。
A68: ５．「通常の事業の実施地域」については、市区町村名を記載することとし、当該区域の全部又は一部の別を記載して
A69: ください。なお、一部の地域が実施地域である場合は適宜地図を添付してください。
A72: 付表８ その２ 昼間実施サービスに係る記載事項（単位)
AB74: 枚中 | AH74: 枚目
A75: 施設障害福祉サービスの種類 | AE75: ※単位番号
A76: 単位 | C76: (単位：人） | I76: サービス 管理責任者 | M76: 医師 | Q76: 看護職員 | U76: 理学療法士等 | AG76: 就労支援員
U77: 合計 | Y77: ＯＴ・ＰＴ | AC77: 機能訓練指導員
I78: 専従 | K78: 兼務 | M78: 専従 | O78: 兼務 | Q78: 専従 | S78: 兼務 | U78: 専従 | W78: 兼務 | Y78: 専従 | AA78: 兼務 | AC78: 専従 | AE78: 兼務 | AG78: 専従 | AI78: 兼務
C79: 従業者数 | F79: 常勤
F80: 非常勤
C81: 常勤換算後の人数
C82: ※基準上の必要人数
C83: (単位：人） | I83: 職業指導員 | U83: 生活支援員 | AG83: 栄養士
I84: 合計 | M84: 右記以外 | Q84: 兼教官 | U84: 合計 | Y84: 通所 | AC84: 訪問
I85: 専従 | K85: 兼務 | M85: 専従 | O85: 兼務 | Q85: 専従 | S85: 兼務 | U85: 専従 | W85: 兼務 | Y85: 専従 | AA85: 兼務 | AC85: 専従 | AE85: 兼務 | AG85: 専従 | AI85: 兼務
C86: 従業者数 | F86: 常勤
F87: 非常勤
C88: 常勤換算後の人数
C89: ※基準上の必要人数
C90: (単位：人） | I90: その他の従業者
A91: ２
I92: 専従 | K92: 兼務 | M92: 専従 | O92: 兼務 | Q92: 専従 | S92: 兼務 | U92: 専従 | W92: 兼務 | Y92: 専従 | AA92: 兼務 | AC92: 専従 | AE92: 兼務 | AG92: 専従 | AI92: 兼務
C93: 従業者数 | F93: 常勤
F94: 非常勤
C95: 常勤換算後の人数
C96: ※基準上の必要人数
C97: 前年度の平均利用者数 | O97: 人（単位ごとの利用者数。＊新規の場合は推定数）
C98: 単位ごとの利用定員 | O98: 人（単位ごとの利用定員）
C99: ※基準上の必要定員 | O99: 人
C100: 営業日
C101: 営業時間 | I101: 平日 | O101: ～ | T101: 土曜 | Z101: ～ | AE101: 備考
I102: 日曜 | O102: ～ | T102: 祝日 | Z102: ～
C103: 主たる対象者 | I103: 身体障害者
I104: 知的障害者 | W104: 精神障害者
A105: 施設障害福祉サービスの種類 | AE105: ※単位番号
A106: 単位 | C106: (単位：人） | I106: サービス 管理責任者 | M106: 医師 | Q106: 看護職員 | U106: 理学療法士等 | AG106: 就労支援員
U107: 合計 | Y107: ＯＴ・ＰＴ | AC107: 機能訓練指導員
...

Sheet 付表８その３
A1: 付表８ その３ 施設入所支援に係る記載事項
AA2: ※受付番号
A4: 施設 | C4: ﾌﾘｶﾞﾅ | I4: =IF([2]付表８その１!I4<>"",[2]付表８その１!I4,"")
C5: 名 称 | I5: =IF([2]付表８その１!I5<>"",[2]付表８その１!I5,"")
C6: 所在地 | I6: 〒 | K6: =IF([2]付表８その１!K6<>"",[2]付表８その１!K6,"") | Q6: ←郵便番号を半角数字７桁で入力してください
I7: =IF([2]付表８その１!I7<>"",[2]付表８その１!I7,"")
I8: =IF([2]付表８その１!I8<>"",[2]付表８その１!I8,"")
C9: 連 絡 先 | I9: 電話番号 | W9: ＦＡＸ番号
A10: 管理者 | C10: ﾌﾘｶﾞﾅ | I10: =IF([2]付表８その１!I10<>"",[2]付表８その１!I10,"")
C11: 氏 名
C12: 住 所 | K12: =IF([2]付表８その１!K12<>"",[2]付表８その１!K12,"") | Q12: ←郵便番号を半角数字７桁で入力してください
I13: =IF([2]付表８その１!I13<>"",[2]付表８その１!I13,"")
A15: 当該事業の実施について定めてある定款・寄付行為等又は条例等
A16: 施設入所支援 | I16: 前年度の平均 実利用者数 | O16: サービス単位１ | W16: 2 | AI16: 人
O17: サービス単位２ | AI17: 人
O18: サービス単位３ | AI18: 人
A19: 設備 | AE19: 短期入所実施の有無
C20: 居室 | I20: １室の最大定員 | U20: 人 | AB20: 人以下
I21: 入所者１人あたりの最小床面積 | U21: ㎡ | AB21: ㎡ | AE21: 2
C22: 廊下 | U22: ｍ | AB22: ｍ
I23: 中廊下の幅 | U23: ｍ | AB23: ｍ
A24: 旧法施設からの 移行の場合
I26: 経過措置の有無 | O26: 2 | W26: 特定旧法受給者数 | AI26: 人
A27: ※栄養士配置加算 | I27: 4 | AD27: 2
A28: ※保障単位数（９割保障） | Q28: ※夜間看護体制加算 | Y28: 2
A29: ※地域生活移行個別支援特別加算 | Q29: ※小規模定員加算 | Y29: 2
A30: ※夜勤職員配置体制加算
A31: ※処遇改善助成金交付 | Q31: ※処遇改善助成金 キャリアパス区分
A32: ※保障単位数 （移行時運営安定化事業） | O32: 単位 | AL32: FALSE | AM32: FALSE | AN32: FALSE | AO32: FALSE | AP32: FALSE | AQ32: FALSE | AR32: FALSE
A33: 移行時運営安定化事業
A41: 施設障害福祉サービスの種類 | AE41: ※単位番号 | AL41: FALSE | AM41: FALSE | AN41: FALSE
A42: 単位１ | C42: (単位：人） | I42: サービス管理責任者 | O42: 生活支援員 | U42: 栄養士
I43: 専従 | L43: 兼務 | O43: 専従 | R43: 兼務 | U43: 専従 | X43: 兼務 | AA43: 専従 | AC43: 兼務 | AF43: 専従 | AH43: 兼務
C44: 従業者数 | F44: 常勤
F45: 非常勤
C46: 常勤換算後の人数
C47: ※基準上の必要人数
C48: 単位ごとの利用定員 | W48: ※基準上の必要定員 | AI48: 人
C49: 主たる対象者 | I49: 身体障害者 | AL49: FALSE | AM49: FALSE | AN49: FALSE | AO49: FALSE | AP49: FALSE
I50: 知的障害者 | W50: 精神障害者 | AL50: FALSE | AM50: FALSE | AN50: FALSE
C51: ※利用定員超過減算 | I51: 2 | N51: ※職員欠如減算 | R51: 2 | AC51: 1
C52: ※重度障害者支援加算Ⅰ（基本） | I52: 2 | N52: ※重度障害者支援加算Ⅰ（重度） | T52: 2 | Z52: ※重度障害者支援加算Ⅱ | AF52: 2 | AL52: FALSE | AM52: FALSE | AN52: FALSE | AO52: FALSE | AP52: FALSE
A53: 施設障害福祉サービスの種類 | AE53: ※単位番号 | AL53: FALSE | AM53: FALSE | AN53: FALSE
A54: 単位２ | C54: (単位：人） | I54: サービス管理責任者 | O54: 生活支援員 | U54: 栄養士
I55: 専従 | L55: 兼務 | O55: 専従 | R55: 兼務 | U55: 専従 | X55: 兼務 | AA55: 専従 | AC55: 兼務 | AF55: 専従 | AH55: 兼務
C56: 従業者数 | F56: 常勤
F57: 非常勤
C58: 常勤換算後の人数
C59: ※基準上の必要人数
C60: 単位ごとの利用定員 | W60: ※基準上の必要定員 | AI60: 人
C61: 主たる対象者 | I61: 身体障害者 | AL61: FALSE | AM61: FALSE | AN61: FALSE | AO61: FALSE | AP61: FALSE
I62: 知的障害者 | W62: 精神障害者 | AL62: FALSE | AM62: FALSE | AN62: FALSE
C63: ※利用定員超過減算 | I63: 2 | N63: ※職員欠如減算 | R63: 2 | AC63: 1
C64: ※重度障害者支援加算Ⅰ（基本） | I64: 2 | N64: ※重度障害者支援加算Ⅰ（重度） | T64: 2 | Z64: ※重度障害者支援加算Ⅱ | AF64: 2 | AL64: FALSE | AM64: FALSE | AN64: FALSE | AO64: FALSE | AP64: FALSE
A65: 施設障害福祉サービスの種類 | AE65: ※単位番号 | AL65: FALSE | AM65: FALSE | AN65: FALSE
A66: 単位３ | C66: (単位：人） | I66: サービス管理責任者 | O66: 生活支援員 | U66: 栄養士
I67: 専従 | L67: 兼務 | O67: 専従 | R67: 兼務 | U67: 専従 | X67: 兼務 | AA67: 専従 | AC67: 兼務 | AF67: 専従 | AH67: 兼務
C68: 従業者数 | F68: 常勤
F69: 非常勤
C70: 常勤換算後の人数
C71: ※基準上の必要人数
C72: 単位ごとの利用定員 | O72: 人 | W72: ※基準上の必要定員 | AF72: 1 | AI72: 人
C73: 主たる対象者 | I73: 身体障害者 | AL73: FALSE | AM73: FALSE | AN73: FALSE | AO73: FALSE | AP73: FALSE
I74: 知的障害者 | W74: 精神障害者 | AL74: FALSE | AM74: FALSE | AN74: FALSE
C75: ※利用定員超過減算 | I75: 2 | N75: ※職員欠如減算 | R75: 2 | AC75: 1
C76: ※重度障害者支援加算Ⅰ（基本） | I76: 2 | N76: ※重度障害者支援加算Ⅰ（重度） | T76: 2 | Z76: ※重度障害者支援加算Ⅱ | AF76: 2
A77: （備考） | D77: １．「※」のついた欄には、記載しないでください。
D78: ２． 当該施設が実施する施設入所支援のサービス単位ごとに、従事する職員数を記載してください。
D79: ３．「兼務」欄は、２以上の障害福祉サービス等を兼務する職員について記載してください。
D80: ４． 既存の障害者施設からの移行の場合で、指定基準省令附則の規定の適用を受ける場合には、
D81: 「経過措置」欄の「有」にチェックしてください。

Sheet 付表９
A1: 付表９ 自立訓練（機能訓練）事業所の指定に係る記載事項
D2: ＊１ 従たる事業所のある場合は、付表９－２を併せて提出してください。 | AA2: ※受付番号
D3: ＊２ 多機能型事業実施時は、各事業の付表と付表13を併せて提出してください。
A4: 事業所 | C4: ﾌﾘｶﾞﾅ | I4: =IF([2]様式第１号!S42=9,IF([2]様式第１号!G35<>"",[2]様式第１号!G35,""),"")
C5: 名 称 | I5: =IF([2]様式第１号!S42=9,IF([2]様式第１号!G36<>"",[2]様式第１号!G36,""),"")
C6: 所在地 | I6: 〒 | K6: =IF([2]様式第１号!S42=9,IF([2]様式第１号!H37<>"",[2]様式第１号!H37,""),"") | Q6: ←郵便番号を半角数字７桁で入力してください
I7: =IF([2]様式第１号!S42=9,IF([2]様式第１号!G38<>"",[2]様式第１号!G38,""),"")
I8: =IF([2]様式第１号!S42=9,IF([2]様式第１号!G39<>"",[2]様式第１号!G39,""),"")
C9: 連 絡 先 | I9: 電話番号 | W9: ＦＡＸ番号
A10: 当該事業の実施について定めてある定款・寄付行為等又は条例等
A11: 管理者 | C11: ﾌﾘｶﾞﾅ
C12: 氏 名
C13: 住 所 | I13: 〒 | Q13: ←郵便番号を半角数字７桁で入力してください
C16: 当該自立訓練事業所で兼務する他の職種（兼務の場合のみ記入） | W16: 2
C17: 他の事業所又は施設の従業者との兼務（兼務の場合記入） | O17: 事業所等の名称
O18: 兼務する職種
O19: 勤務時間
A20: 訪問事業実施の有無 | I20: 2
A21: サービス 管理責任者 | C21: ﾌﾘｶﾞﾅ
C22: 氏 名
C23: 住 所 | I23: 〒 | Q23: ←郵便番号を半角数字７桁で入力してください
A26: 従業者の職種・員数 | C26: (単位：人） | I26: サービス 管理責任者 | O26: 看護職員 | U26: 理学療法士等 | AF26: 歩行訓練士
U27: 理学療法士・作業療法士 | AA27: 機能訓練指導員
I28: 専従 | L28: 兼務 | O28: 専従 | R28: 兼務 | U28: 専従 | X28: 兼務 | AA28: 専従 | AC28: 兼務 | AF28: 専従 | AH28: 兼務
C29: 従業者数 | F29: 常勤
F30: 非常勤
C31: 常勤換算後の人数
C32: ※基準上の必要人数
C33: (単位：人） | I33: 生活支援員 | U33: その他の従業者
I34: 通所 | O34: 訪問
I35: 専従 | L35: 兼務 | O35: 専従 | R35: 兼務 | U35: 専従 | X35: 兼務 | AA35: 専従 | AC35: 兼務 | AF35: 専従 | AH35: 兼務
C36: 従業者数 | F36: 常勤
F37: 非常勤
C38: 常勤換算後の人数
C39: ※基準上の必要人数
A40: 機能訓練全体の利用定員 | O40: 人
A41: 前年度の平均利用者数 | O41: 人（＊新規の場合は、推定数）
A42: 主な掲示事項 | C42: 営業日 | AL42: FALSE | AM42: FALSE | AN42: FALSE | AO42: FALSE | AP42: FALSE | AQ42: FALSE | AR42: FALSE
C43: 営業時間 | I43: 平日 | O43: ～ | T43: 土曜 | Z43: ～ | AE43: 備考
I44: 日曜 | O44: ～ | T44: 祝日 | Z44: ～
C45: 主たる対象者 | I45: 身体障害者 | AL45: FALSE | AM45: FALSE | AN45: FALSE | AO45: FALSE | AP45: FALSE
C46: 多機能型実施の有無 | I46: 2
C47: 利用定員 | O47: 人 | T47: ※基準上の必要定員 | AF47: 人
C48: 利用料
C49: その他費用
C50: その他参考 となる事項 | I50: 第三者評価の実施状況 | R50: 2
I51: 苦情解決の措置概要 | R51: 窓口（連絡先）
R52: 担当者
I53: その他
C54: 協力医療機関 | E54: 名 称 | R54: 主 な 診療科名
I55: 0
E56: 名 称 | R56: 主 な 診療科名
W57: 2
E58: 名 称 | R58: 主 な 診療科名
A60: ※加算等 | I60: 2 | Q60: 利用定員超過減算 | V60: 1 | W60: 2 | AB60: 職員欠如減算 | AF60: 2
C61: 標準利用期間超過減算 | I61: 2 | Q61: 視覚・聴覚言語障害者支援体制加算 | W61: 2
C62: 食事提供体制加算 | I62: 2 | Q62: 旧法施設定員数 | AC62: 人
C63: 利用日数特例届出有無 | I63: 2 | Q63: 保障単位数 （９割保障） | AC63: 単位
C64: 利用日数特例開始年月1 | Q64: 利用日数特例終了年月1
C65: 利用日数特例開始年月2 | Q65: 利用日数特例終了年月2
C66: 利用日数特例開始年月3 | Q66: 利用日数特例終了年月3
C67: 利用日数特例開始年月4 | Q67: 利用日数特例終了年月4
C68: リハビリテーション加算 | I68: 2 | Q68: 福祉専門職配置加算 | W68: 2
C69: 視覚障害者専門職員配置加算 | I69: 2
C70: 処遇改善助成金交付 | I70: 2 | Q70: 処遇改善助成金 キャリアパス区分
C71: 主たるサービス種類 | I71: 1 | J71: =IF(ISNA(VLOOKUP(I71, 出力変換_主たるサービス種類_付９,4,FALSE)),0, VLOOKUP(I71, 出力変換_主たるサービス種類_付９,4,FALSE)) & "" -> 0 | K71: 00 | L71: =IF(ISNA(VLOOKUP(K71, 取込変換_主たるサービス種類_付９,2,FALSE)),1, VLOOKUP(K71, 取込変換_主たるサービス種類_付９,2,FALSE)) & "" -> 1 | Q71: 保障単位数 （移行時運営安定化事業） | AC71: 単位
C72: 移行時運営安定化事業
A73: （備考）
A74: １．「※」のついた欄には、記載しないでください。
A75: ２．「看護職員」とは保健師、看護師、准看護師のことを言います。
A76: ３． 新設の場合には、「前年度の平均利用者数」欄は推定数を記入してください。
A77: ４．「主な掲示事項」欄には、その内容を簡潔に記載してください。
A78: ５．「その他の費用」欄には、入所者に直接金銭の負担を求める場合のサービス内容について記載してください。
A79: ６．「兼務」欄には、施設入所支援事業以外との兼務を行う職員について記載して下さい。

Sheet 付表９－２
A1: 付表９－２ 一体的に実施する従たる事業所の指定に係る記載事項
D2: ＊ 多機能型事業実施時は、各事業の付表と付表13を併せて提出してください。 | AA2: ※受付番号
A3: 事業所 | C3: ﾌﾘｶﾞﾅ
C4: 名 称
C5: 所在地 | I5: 〒 | Q5: ←郵便番号を半角数字７桁で入力してください
C8: 連 絡 先 | I8: 電話番号 | W8: ＦＡＸ番号
A9: 従業者の職種・員数 | C9: (単位：人） | I9: サービス 管理責任者 | O9: 看護職員 | U9: 理学療法士等 | AF9: 歩行訓練士
U10: 理学療法士・作業療法士 | AA10: 機能訓練指導員
I11: 専従 | L11: 兼務 | O11: 専従 | R11: 兼務 | U11: 専従 | X11: 兼務 | AA11: 専従 | AC11: 兼務 | AF11: 専従 | AH11: 兼務
C12: 従業者数 | F12: 常勤
F13: 非常勤
C14: 常勤換算後の人数
C15: ※基準上の必要人数
C16: (単位：人） | I16: 生活支援員 | U16: その他の従業者
I17: 通所 | O17: 訪問
I18: 専従 | L18: 兼務 | O18: 専従 | R18: 兼務 | U18: 専従 | X18: 兼務 | AA18: 専従 | AC18: 兼務 | AF18: 専従 | AH18: 兼務
C19: 従業者数 | F19: 常勤
F20: 非常勤
C21: 常勤換算後の人数
C22: ※基準上の必要人数
A23: 従たる事業所の利用定員 | O23: 人
A24: （備考）
A25: １．「※」のついた欄には、記載しないでください。
A26: ２．「看護職員」とは保健師、看護師、准看護師のことを言います。

Sheet 付表１０
A1: 付表10 自立訓練（生活訓練）事業所の指定に係る記載事項
D2: ＊１ 従たる事業所のある場合は、付表10-2を併せて提出してください。
D3: ＊２ 多機能型事業実施時は、各事業の付表と付表13を併せて提出してください。
A4: ※申請する事業 | F4: =IF([2]様式第１号!S42=10,IF([2]様式第１号!AS136<>"",[2]様式第１号!AS136,""),"") | AA4: ※受付番号
A6: 事業所 | C6: ﾌﾘｶﾞﾅ | I6: =IF([2]様式第１号!S42=10,IF([2]様式第１号!G35<>"",[2]様式第１号!G35,""),"")
C7: 名 称 | I7: =IF([2]様式第１号!S42=10,IF([2]様式第１号!G36<>"",[2]様式第１号!G36,""),"")
C8: 所在地 | I8: 〒 | K8: =IF([2]様式第１号!S42=10,IF([2]様式第１号!H37<>"",[2]様式第１号!H37,""),"") | Q8: ←郵便番号を半角数字７桁で入力してください
I9: =IF([2]様式第１号!S42=10,IF([2]様式第１号!G38<>"",[2]様式第１号!G38,""),"")
I10: =IF([2]様式第１号!S42=10,IF([2]様式第１号!G39<>"",[2]様式第１号!G39,""),"")
C11: 連 絡 先 | I11: 電話番号 | W11: ＦＡＸ番号
A12: 当該事業の実施について定めてある定款・寄付行為等又は条例等
A13: 管理者 | C13: ﾌﾘｶﾞﾅ
C14: 氏 名
C15: 住 所 | I15: 〒 | Q15: ←郵便番号を半角数字７桁で入力してください
C18: 当該自立訓練事業所で兼務する他の職種（兼務の場合のみ記入）
C19: 他の事業所又は施設の従業者との兼務（兼務の場合記入） | O19: 事業所等の名称
O20: 兼務する職種
O21: 勤務時間
A22: 訪問事業実施の有無
A23: サービス 管理責任者 | C23: ﾌﾘｶﾞﾅ
C24: 氏 名
C25: 住 所 | I25: 〒 | Q25: ←郵便番号を半角数字７桁で入力してください
A28: 従業者の職種 ・員数 | C28: (単位：人） | I28: サービス 管理責任者 | O28: 看護職員 | U28: 生活支援員
U29: 通所 | AA29: 訪問
I30: 専従 | L30: 兼務 | O30: 専従 | R30: 兼務 | U30: 専従 | X30: 兼務 | AA30: 専従 | AC30: 兼務 | AF30: 専従 | AH30: 兼務
C31: 従業者数 | F31: 常勤
F32: 非常勤
C33: 常勤換算後の人数
C34: ※基準上の必要人数
A35: 生活訓練全体の利用定員 | O35: 人
A36: 前年度の平均利用者数 | O36: 人（＊新規の場合は、推定数）
A37: 主な掲示事項 | C37: 営業日 | AL37: FALSE | AM37: FALSE | AN37: FALSE | AO37: FALSE | AP37: FALSE | AQ37: FALSE | AR37: FALSE
C38: 営業時間 | I38: 平日 | O38: ～ | T38: 土曜 | Z38: ～ | AE38: 備考
I39: 日曜 | O39: ～ | T39: 祝日 | Z39: ～
C40: 主たる対象者 | I40: 知的障害者 | W40: 精神障害者 | AM40: FALSE | AN40: FALSE
C41: 多機能型実施の有無
C42: 利用定員 | O42: 人 | T42: ※基準上の必要定員 | AF42: 人
C43: 利用料
C44: その他費用
C45: その他参考 となる事項 | I45: 第三者評価の実施状況 | R45: 2
I46: 苦情解決の措置概要 | R46: 窓口（連絡先）
R47: 担当者
I48: その他
C49: 協力医療機関 | E49: 名 称 | R49: 主 な 診療科名
E51: 名 称 | R51: 主 な 診療科名
E53: 名 称 | R53: 主 な 診療科名
I54: 1
C55: 短期滞在加算 | I55: 3 | W55: 2 | AF55: 1
C56: 精神障害者退院支援施設加算 | I56: 3 | W56: 1
A57: ※加算等 | I57: 2 | Q57: 利用定員超過減算 | V57: 1 | W57: 2 | AB57: 職員欠如減算 | AF57: 2
C58: 標準利用期間超過減算 | I58: 2 | Q58: 視覚・聴覚言語障害者支援体制加算 | W58: 2
C59: 食事提供体制加算 | I59: 2 | Q59: 旧法施設定員数 | AC59: 人
C60: 利用日数特例届出有無 | I60: 2 | Q60: 保障単位数 （９割保障） | AC60: 単位
C61: 利用日数特例開始年月1 | Q61: 利用日数特例終了年月1
C62: 利用日数特例開始年月2 | Q62: 利用日数特例終了年月2
C63: 利用日数特例開始年月3 | Q63: 利用日数特例終了年月3
C64: 利用日数特例開始年月4 | Q64: 利用日数特例終了年月4
C65: 福祉専門職配置加算 | I65: 2
C66: 地域生活移行個別支援特別加算 | I66: 2 | Q66: 通勤者生活支援加算 | W66: 2
C67: 地域移行支援体制強化加算 | I67: 2
C68: 処遇改善助成金交付 | I68: 2 | Q68: 処遇改善助成金 キャリアパス区分
C69: 主たるサービス種類 | I69: 1 | J69: =IF(ISNA(VLOOKUP(I69, 出力変換_主たるサービス種類_付１０,4,FALSE)),0, VLOOKUP(I69, 出力変換_主たるサービス種類_付１０,4,FALSE)) & "" -> 0 | K69: 0 | L69: =IF(ISNA(VLOOKUP(K69, 取込変換_主たるサービス種類_付１０,2,FALSE)),1, VLOOKUP(K69, 取込変換_主たるサービス種類_付１０,2,FALSE)) & "" -> 1 | Q69: 保障単位数 （移行時運営安定化事業） | AC69: 単位
C70: 移行時運営安定化事業
A71: （備考）
A72: １．「※」のついた欄には、記載しないでください。
A73: ２．「看護職員」とは保健師、看護師、准看護師のことを言います。
A74: ３． 新設の場合には、「前年度の平均利用者数」欄は推定数を記入してください。
A75: ４．「主な掲示事項」欄には、その内容を簡潔に記載してください。
A76: ５．「その他の費用」欄には、入所者に直接金銭の負担を求める場合のサービス内容について記載してください。
A77: ６．「兼務」欄には、施設入所支援事業以外との兼務を行う職員について記載して下さい。

Sheet 付表１０－２
A1: 付表10－２ 一体的に実施する従たる事業所の指定に係る記載事項
D2: ＊ 多機能型事業実施時は、各事業の付表と付表13を併せて提出してください。 | AA2: ※受付番号
A3: 事業所 | C3: ﾌﾘｶﾞﾅ
C4: 名 称
C5: 所在地 | I5: 〒 | Q5: ←郵便番号を半角数字７桁で入力してください
C8: 連 絡 先 | I8: 電話番号 | W8: ＦＡＸ番号
A9: 従業者の職種 ・員数 | C9: (単位：人） | I9: サービス 管理責任者 | O9: 看護職員 | U9: 生活支援員
U10: 通所 | AA10: 訪問
I11: 専従 | L11: 兼務 | O11: 専従 | R11: 兼務 | U11: 専従 | X11: 兼務 | AA11: 専従 | AC11: 兼務 | AF11: 専従 | AH11: 兼務
C12: 従業者数 | F12: 常勤
F13: 非常勤
C14: 常勤換算後の人数
C15: ※基準上の必要人数
A16: 従たる事業所の利用定員 | O16: 人
A17: （備考）
A18: １．「※」のついた欄には、記載しないでください。
A19: ２．「看護職員」とは保健師、看護師、准看護師のことを言います。

Sheet 付表１１
A1: 付表11 就労移行支援事業所の指定に係る記載事項 | AE1: =IF([2]様式第１号!S42=11,IF([2]様式第１号!G38<>"",[2]様式第１号!G38,""),"")
D2: ＊１ 従たる事業所のある場合は、付表11－２を併せて提出してください。
D3: ＊２ 多機能型事業実施時は、各事業の付表と付表13を併せて提出してください。
A4: ※申請する事業 | F4: =IF([2]様式第１号!S42=11,IF([2]様式第１号!AS136<>"",[2]様式第１号!AS136,""),"") | AA4: ※受付番号
A6: 事業所 | C6: ﾌﾘｶﾞﾅ | I6: =IF([2]様式第１号!S42=11,IF([2]様式第１号!G35<>"",[2]様式第１号!G35,""),"")
C7: 名 称 | I7: =IF([2]様式第１号!S42=11,IF([2]様式第１号!G36<>"",[2]様式第１号!G36,""),"")
C8: 所在地 | I8: 〒 | K8: =IF([2]様式第１号!S42=11,IF([2]様式第１号!H37<>"",[2]様式第１号!H37,""),"") | Q8: ←郵便番号を半角数字７桁で入力してください
I9: =IF([2]様式第１号!S42=11,IF([2]様式第１号!G38<>"",[2]様式第１号!G38,""),"")
I10: =IF([2]様式第１号!S42=11,IF([2]様式第１号!G39<>"",[2]様式第１号!G39,""),"")
C11: 連 絡 先 | I11: 電話番号 | W11: ＦＡＸ番号
A12: 当該事業の実施について定めてある定款・寄付行為等又は条例等
A13: 管理者 | C13: ﾌﾘｶﾞﾅ
C14: 氏 名
C15: 住 所 | I15: 〒 | Q15: ←郵便番号を半角数字７桁で入力してください
C18: 当該自立訓練事業所で兼務する他の職種（兼務の場合のみ記入）
C19: 他の事業所又は施設の従業者との兼務（兼務の場合記入） | O19: 事業所等の名称
O20: 兼務する職種
O21: 勤務時間
A22: サービス 管理責任者 | C22: ﾌﾘｶﾞﾅ
C23: 氏 名
C24: 住 所 | I24: 〒 | Q24: ←郵便番号を半角数字７桁で入力してください
A27: 従業者の職種 ・員数 | C27: (単位：人） | I27: サービス 管理責任者 | O27: 職業指導員 | U27: 生活支援員 | AA27: 就労支援員
I29: 専従 | L29: 兼務 | O29: 専従 | R29: 兼務 | U29: 専従 | X29: 兼務 | AA29: 専従 | AC29: 兼務 | AF29: 専従 | AH29: 兼務
C30: 従業者数 | F30: 常勤
F31: 非常勤
C32: 常勤換算後の人数
C33: ※基準上の必要人数
A34: 就労移行支援全体の利用定員 | O34: 人
A35: 前年度の平均利用者数 | O35: 人（＊新規の場合は、推定数）
A36: 主な掲示事項 | C36: 多機能型実施の有無
C37: 利用定員 | O37: 人 | T37: ※基準上の必要定員 | AF37: 人
C38: 主たる対象者 | I38: 身体障害者 | AL38: FALSE | AM38: FALSE | AN38: FALSE | AO38: FALSE | AP38: FALSE
I39: 知的障害者 | W39: 精神障害者 | AL39: FALSE | AM39: FALSE | AN39: FALSE
C40: 利用料
C41: その他費用
C42: その他参考 となる事項 | I42: 第三者評価の実施状況
I43: 苦情解決の措置概要 | R43: 窓口（連絡先）
R44: 担当者
I45: その他
C46: 協力医療機関 | E46: 名 称 | R46: 主 な 診療科名
E48: 名 称 | R48: 主 な 診療科名
E50: 名 称 | R50: 主 な 診療科名
I51: 1
A52: 提携就労支援機関
A53: ※加算等 | I53: 2 | Q53: 就労移行支援体制加算区分 | Y53: 1 | Z53: =IF(ISNA(VLOOKUP(Y53, 出力変換_就労移行支援体制加算区分,4,FALSE)),0, VLOOKUP(Y53, 出力変換_就労移行支援体制加算区分,4,FALSE)) & "" -> 0 | AA53: 1 | AB53: =IF(ISNA(VLOOKUP(AA53, 取込変換_就労移行支援体制加算区分,2,FALSE)),1, VLOOKUP(AA53, 取込変換_就労移行支援体制加算区分,2,FALSE)) & "" -> 1
C54: 精神障害者退院支援施設加算 | I54: 3 | W54: 1
I55: 2 | Q55: 利用定員超過減算 | V55: 1 | W55: 2 | AB55: 職員欠如減算 | AF55: 2
C56: 標準利用期間超過減算 | I56: 2 | Q56: 視覚・聴覚言語障害者支援体制加算 | W56: 2
C57: 食事提供体制加算 | I57: 2 | Q57: 旧法施設定員数 | AC57: 人
C58: 利用日数特例届出有無 | I58: 2 | Q58: 保障単位数 （９割保障） | AC58: 単位
C59: 利用日数特例開始年月1 | Q59: 利用日数特例終了年月1
C60: 利用日数特例開始年月2 | Q60: 利用日数特例終了年月2
C61: 利用日数特例開始年月3 | Q61: 利用日数特例終了年月3
C62: 利用日数特例開始年月4 | Q62: 利用日数特例終了年月4
C63: 福祉専門職配置加算 | I63: 2 | Q63: 就労支援関係研修修了加算 | W63: 2
C64: 処遇改善助成金交付 | I64: 2 | Q64: 処遇改善助成金 キャリアパス区分
C65: 主たるサービス種類 | I65: 1 | J65: =IF(ISNA(VLOOKUP(I65, 出力変換_主たるサービス種類_付１１,4,FALSE)),0, VLOOKUP(I65, 出力変換_主たるサービス種類_付１１,4,FALSE)) & "" -> 0 | K65: 00 | L65: =IF(ISNA(VLOOKUP(K65, 取込変換_主たるサービス種類_付１１,2,FALSE)),1, VLOOKUP(K65, 取込変換_主たるサービス種類_付１１,2,FALSE)) & "" -> 1 | Q65: 保障単位数 （移行時運営安定化事業） | AC65: 単位
C66: 移行時運営安定化事業
A67: （備考）
A68: １．「※」のついた欄には、記載しないでください。
A69: ２．「併設する施設の名称及び概要」欄には、施設の目的及び提供するサービスの内容等を記載してください。
A70: ３．「主な掲示事項」欄には、その内容を簡潔に記載してください。
A71: ４．「兼務」欄は、施設入所支援事業以外との兼務を行う職員について記載してください。
A72: ５． 新設の場合には、「前年度の平均利用者数」欄は推定数を記入してください。
A73: ６．「その他の費用」欄には、入所者に直接金銭の負担を求める場合のサービス内容について記載してください。
A74: ７．「提携就労支援機関」欄には、就労支援ネットワーク名及びネットワーク内の就労支援機関名を記載してください。

Sheet 付表１１－２
A1: 付表11－２ 一体的に事業所の指定に係る記載事項
D2: ＊ 多機能型事業実施時は、各事業の付表と付表13を併せて提出してください。 | AA2: ※受付番号
A3: 事業所 | C3: ﾌﾘｶﾞﾅ
C4: 名 称
C5: 所在地 | I5: 〒 | Q5: ←郵便番号を半角数字７桁で入力してください
C8: 連 絡 先 | I8: 電話番号 | W8: ＦＡＸ番号
A9: 従業者の職種 ・員数 | C9: (単位：人） | I9: サービス 管理責任者 | O9: 職業指導員 | U9: 生活支援員 | AA9: 就労支援員
I11: 専従 | L11: 兼務 | O11: 専従 | R11: 兼務 | U11: 専従 | X11: 兼務 | AA11: 専従 | AC11: 兼務 | AF11: 専従 | AH11: 兼務
C12: 従業者数 | F12: 常勤
F13: 非常勤
C14: 常勤換算後の人数
C15: ※基準上の必要人数
A16: 従たる事業所の利用定員 | O16: 人
A17: １．「※」のついた欄には、記載しないでください。
A18: ２．「兼務」欄は、施設入所支援事業以外との兼務を行う職員について記載してください。

Sheet 付表１２
A1: 付表12 就労継続支援事業所の指定に係る記載事項
D2: ＊１ 従たる事業所のある場合は、付表12－2を併せて提出してください。
D3: ＊２ 多機能型事業実施時は、各事業の付表と付表13を併せて提出してください。
A4: ※申請する事業 | F4: =IF([2]様式第１号!S42=12,IF([2]様式第１号!AS136<>"",[2]様式第１号!AS136,""),"") | AA4: ※受付番号
A6: 事業所 | C6: ﾌﾘｶﾞﾅ | I6: =IF([2]様式第１号!S42=12,IF([2]様式第１号!G35<>"",[2]様式第１号!G35,""),"")
C7: 名 称 | I7: =IF([2]様式第１号!S42=12,IF([2]様式第１号!G36<>"",[2]様式第１号!G36,""),"")
C8: 所在地 | I8: 〒 | K8: =IF([2]様式第１号!S42=12,IF([2]様式第１号!H37<>"",[2]様式第１号!H37,""),"") | Q8: ←郵便番号を半角数字７桁で入力してください
I9: =IF([2]様式第１号!S42=12,IF([2]様式第１号!G38<>"",[2]様式第１号!G38,""),"")
I10: =IF([2]様式第１号!S42=12,IF([2]様式第１号!G39<>"",[2]様式第１号!G39,""),"")
C11: 連 絡 先 | I11: 電話番号 | W11: ＦＡＸ番号
A12: 当該事業の実施について定めてある定款・寄付行為等又は条例等
A13: 管理者 | C13: ﾌﾘｶﾞﾅ
C14: 氏 名
C15: 住 所 | I15: 〒 | Q15: ←郵便番号を半角数字７桁で入力してください
C18: 当該自立訓練事業所で兼務する他の職種（兼務の場合のみ記入）
C19: 他の事業所又は施設の従業者との兼務（兼務の場合記入） | O19: 事業所等の名称
O20: 兼務する職種
O21: 勤務時間
A22: サービス 管理責任者 | C22: ﾌﾘｶﾞﾅ
C23: 氏 名
C24: 住 所 | I24: 〒 | Q24: ←郵便番号を半角数字７桁で入力してください
A27: 従業者の職種 ・員数 | C27: (単位：人） | I27: 職業指導員 | O27: 生活支援員
I28: 専従 | L28: 兼務 | O28: 専従 | R28: 兼務 | U28: 専従 | X28: 兼務 | AA28: 専従 | AD28: 兼務
C29: 従業者数 | F29: 常勤
F30: 非常勤
C31: 常勤換算後の人数
C32: ※基準上の必要人数
A33: 就労継続支援全体の利用定員 | O33: 人
A34: 前年度の平均利用者数 | O34: 人（＊新規の場合は、推定数）
A35: 主な掲示事項 | C35: 多機能型実施の有無 | I35: 2
C36: 利用定員 | O36: 人 | T36: ※基準上の必要定員 | AF36: 人
C37: 主たる対象者 | I37: 身体障害者 | AL37: FALSE | AM37: FALSE | AN37: FALSE | AO37: FALSE | AP37: FALSE
I38: 知的障害者 | W38: 精神障害者 | AL38: FALSE | AM38: FALSE | AN38: FALSE
C39: 利用料
C40: その他費用
C41: その他参考 となる事項 | I41: 第三者評価の実施状況 | R41: 2
I42: 苦情解決の措置概要 | R42: 窓口（連絡先）
R43: 担当者
I44: その他
C45: 協力医療機関 | E45: 名 称 | R45: 主 な 診療科名
E47: 名 称 | R47: 主 な 診療科名
E49: 名 称 | R49: 主 な 診療科名
A51: ※加算等 | C51: 就労移行支援体制加算 | I51: 2
C52: 人員配置区分 | I52: 2
I53: 2 | Q53: 利用定員超過減算 | W53: 2 | AB53: 職員欠如減算 | AF53: 2
C54: 目標工賃達成加算 | I54: 3 | Q54: 視覚・聴覚言語障害者支援体制加算 | W54: 2
C55: 食事提供体制加算 | I55: 2 | Q55: 旧法施設定員数 | AC55: 人
C56: 利用日数特例届出有無 | I56: 2 | Q56: 保障単位数 （９割保障） | AC56: 単位
C57: 利用日数特例開始年月1 | Q57: 利用日数特例終了年月1
C58: 利用日数特例開始年月2 | Q58: 利用日数特例終了年月2
C59: 利用日数特例開始年月3 | Q59: 利用日数特例終了年月3
C60: 利用日数特例開始年月4 | Q60: 利用日数特例終了年月4
C61: 就労継続Ａ型 事業者減免 | I61: 減免申し出 | M61: 3 | W61: 減免額 | AJ61: 円
I62: 開始年月日 | W62: 終了年月日
C63: 福祉専門職配置加算 | I63: 2 | Q63: 目標工賃達成指導員配置加算 | AA63: 2
C64: 重度者支援体制加算 | I64: 2
C65: 処遇改善助成金交付 | I65: 2 | Q65: 処遇改善助成金 キャリアパス区分
C66: 主たるサービス種類 | I66: 1 | J66: =IF(ISNA(VLOOKUP(I66, 出力変換_主たるサービス種類_付１２,4,FALSE)),0, VLOOKUP(I66, 出力変換_主たるサービス種類_付１２,4,FALSE)) & "" -> 0 | K66: 00 | L66: =IF(ISNA(VLOOKUP(K66,取込変換_主たるサービス種類_付１２,2,FALSE)),0, VLOOKUP(K66, 取込変換_主たるサービス種類_付１２,2,FALSE)) & "" -> 0 | Q66: 保障単位数 （移行時運営安定化事業） | AC66: 単位
C67: 移行時運営安定化事業
A68: （備考）
A69: １．「※」のついた欄には、記載しないでください。
A70: ２．「併設する施設の名称及び概要」欄には、施設の目的及び提供するサービスの内容等を記載してください。
A71: ３．「主な掲示事項」欄には、その内容を簡潔に記載してください。
A72: ４．「兼務」欄は施設入所支援事業以外との兼務を行う職員について記載してください。
A73: ５． 新設の場合には、「前年度の平均利用者数」欄は推定数を記入してください。
A74: ６．「その他の費用」欄には、入所者に直接金銭の負担を求める場合のサービス内容について記載してください。

Sheet 付表１２－２
A1: 付表12－2 一体的に実施する従たる事業所の指定に係る記載事項
D2: ＊ 多機能型事業実施時は、各事業の付表と付表13を併せて提出してください。 | AA2: ※受付番号
A3: 事業所 | C3: ﾌﾘｶﾞﾅ
C4: 名 称
C5: 所在地 | I5: 〒 | Q5: ←郵便番号を半角数字７桁で入力してください
C8: 連 絡 先 | I8: 電話番号 | W8: ＦＡＸ番号
A9: 従業者の職種 ・員数 | C9: (単位：人） | I9: 職業指導員 | O9: 生活支援員
I10: 専従 | L10: 兼務 | O10: 専従 | R10: 兼務 | U10: 専従 | X10: 兼務 | AA10: 専従 | AD10: 兼務
C11: 従業者数 | F11: 常勤
F12: 非常勤
C13: 常勤換算後の人数
C14: ※基準上の必要人数
A15: 従たる事業所の利用定員 | O15: 人
A16: （備考）
A17: １．「※」のついた欄には、記載しないでください。
A18: ２．「兼務」欄は、施設入所支援事業以外との兼務を行う職員について記載してください。

Sheet 付表１３その１
A1: 付表13 その１
A2: 指定障害福祉サービス事業所にかかる多機能型による事業を実施する場合の記載事項（総括表）
D4: ＊ 多機能型事業実施時は、各事業の付表とこの付表を併せて提出してください。 | AA4: ※受付番号
A6: 実施事業 | M6: 生活介護 | P6: 児童デイ | S6: 自立訓練 | Y6: 就労移行支援 | AE6: 就労継続支援
S7: （機能） | V7: （生活） | Y7: （通常） | AB7: （資格） | AE7: （Ａ型） | AH7: （Ｂ型） | AL7: 0
I8: 単位の有無 | AL8: FALSE | AM8: FALSE | AN8: FALSE | AO8: FALSE | AP8: FALSE | AQ8: FALSE | AR8: FALSE | AS8: FALSE
A9: 定員 | E9: 合計 | I9: 単位① | O9: 人 | R9: 人 | U9: 人 | X9: 人 | AA9: 人 | AD9: 人 | AG9: 人 | AJ9: 人
H10: 人 | I10: 単位② | O10: 人 | R10: 人
I11: 単位③ | O11: 人 | R11: 人
I12: 単位④ | O12: 人 | R12: 人
I13: 単位⑤ | O13: 人 | R13: 人
A14: 定員緩和措置の有無
A15: 申請に係る 事業所 | C15: ﾌﾘｶﾞﾅ
C16: 名 称
C17: 所在地 | I17: 〒 | Q17: ←郵便番号を半角数字７桁で入力してください
C20: 連 絡 先 | I20: 電話番号 | W20: ＦＡＸ番号
A21: 多機能型の他の 事業所Ⅰ | C21: サービス種類 | T21: 事業所番号
C22: ﾌﾘｶﾞﾅ
C23: 名 称
C24: 所在地 | I24: 〒 | Q24: ←郵便番号を半角数字７桁で入力してください
C27: 連 絡 先 | I27: 電話番号 | W27: ＦＡＸ番号
A28: 多機能型の他の 事業所Ⅱ | C28: サービス種類
C29: ﾌﾘｶﾞﾅ
C30: 名 称
C31: 所在地 | I31: 〒 | Q31: ←郵便番号を半角数字７桁で入力してください
C34: 連 絡 先 | I34: 電話番号 | W34: ＦＡＸ番号
A35: 多機能型の他の 事業所Ⅲ | C35: サービス種類
C36: ﾌﾘｶﾞﾅ
C37: 名 称
C38: 所在地 | I38: 〒 | Q38: ←郵便番号を半角数字７桁で入力してください
C41: 連 絡 先 | I41: 電話番号 | W41: ＦＡＸ番号
A42: 多機能型の他の 事業所Ⅳ | C42: サービス種類
C43: ﾌﾘｶﾞﾅ
C44: 名 称
C45: 所在地 | I45: 〒 | Q45: ←郵便番号を半角数字７桁で入力してください
C48: 連 絡 先 | I48: 電話番号 | W48: ＦＡＸ番号
A49: 管理者 | C49: ﾌﾘｶﾞﾅ
C50: 氏 名
C51: 住 所 | I51: 〒 | Q51: ←郵便番号を半角数字７桁で入力してください
C54: 他の事業所又は施設の従業者との兼務（兼務の場合記入） | O54: 事業所等の名称
O55: 兼務する職種
O56: 勤務時間
A57: サービス 管理責任者 | C57: ﾌﾘｶﾞﾅ
C58: 氏 名
C59: 住 所 | I59: 〒 | Q59: ←郵便番号を半角数字７桁で入力してください
A62: ＊生活介護を行う場合のみ記入 | P62: 施設が申告する障害程度区分の平均値
C63: 前年度の平均 実利用者数 | I63: サービス単位１ | P63: 1
I64: サービス単位２ | P64: 1
I65: サービス単位３ | P65: 1
I66: サービス単位４ | P66: 1
I67: サービス単位５ | P67: 1

Sheet 付表１３その２
A1: 付表13 その２
AA2: ※受付番号
A4: 従業者の職種・員数
A5: (単位：人） | I5: サービス 管理責任者 | M5: 医師 | Q5: 看護職員 | U5: 生活支援員 | AG5: 就労支援員
U6: 合計 | Y6: 通所 | AC6: 訪問
I7: 専従 | K7: 兼務 | M7: 専従 | O7: 兼務 | Q7: 専従 | S7: 兼務 | U7: 専従 | W7: 兼務 | Y7: 専従 | AA7: 兼務 | AC7: 専従 | AE7: 兼務 | AG7: 専従 | AI7: 兼務
A8: 合計 | C8: 従業者数 | F8: 常勤
F9: 非常勤
C10: 常勤換算後の人数
C11: ※基準上の必要人数
A12: (単位：人） | I12: 理学療法士等 | Y12: 職業指導員
I13: 合計 | M13: 理学療法士 | Q13: 作業療法士 | U13: 機能訓練指導員 | Y13: 合計 | AC13: 右記以外 | AG13: 兼教官
I14: 専従 | K14: 兼務 | M14: 専従 | O14: 兼務 | Q14: 専従 | S14: 兼務 | U14: 専従 | W14: 兼務 | Y14: 専従 | AA14: 兼務 | AC14: 専従 | AE14: 兼務 | AG14: 専従 | AI14: 兼務
A15: 合計 | C15: 従業者数 | F15: 常勤
F16: 非常勤 | W16: 2
C17: 常勤換算後の人数
C18: ※基準上の必要人数
A19: (単位：人） | I19: その他の従業者
I21: 専従 | K21: 兼務 | M21: 専従 | O21: 兼務 | Q21: 専従 | S21: 兼務 | U21: 専従 | W21: 兼務 | Y21: 専従 | AA21: 兼務 | AC21: 専従 | AE21: 兼務 | AG21: 専従 | AI21: 兼務
A22: 合計 | C22: 従業者数 | F22: 常勤
F23: 非常勤
C24: 常勤換算後の人数
C25: ※基準上の必要人数
A26: （備考）
A27: １．「※」のついた欄には、記載しないでください。
A28: ２．「定員緩和措置の有無」欄は、指定基準省令第二百十四条第二項に基づく利用定員緩和措置の適用の有無について
A29: 記載してください。
A30: ３． 新設の場合には、「前年度平均入所者数」欄は推定数を記入してください。

Sheet 付表１４
A1: 付表14 指定相談支援事業所の指定に係る記載事項
AA2: ※受付番号
A4: 事業所 | C4: ﾌﾘｶﾞﾅ | I4: =IF([2]様式第１号!S42=14,IF([2]様式第１号!G35<>"",[2]様式第１号!G35,""),"")
C5: 名 称 | I5: =IF([2]様式第１号!S42=14,IF([2]様式第１号!G36<>"",[2]様式第１号!G36,""),"")
C6: 所在地 | I6: 〒 | K6: =IF([2]様式第１号!S42=14,IF([2]様式第１号!H37<>"",[2]様式第１号!H37,""),"") | Q6: ←郵便番号を半角数字７桁で入力してください
I7: =IF([2]様式第１号!S42=14,IF([2]様式第１号!G38<>"",[2]様式第１号!G38,""),"")
I8: =IF([2]様式第１号!S42=14,IF([2]様式第１号!G39<>"",[2]様式第１号!G39,""),"")
C9: 連 絡 先 | I9: 電話番号 | W9: ＦＡＸ番号
A10: 当該事業の実施について定めてある定款・寄付行為等又は条例等
A11: 管理者 | C11: ﾌﾘｶﾞﾅ
C12: 氏 名
C13: 住 所 | I13: 〒 | Q13: ←郵便番号を半角数字７桁で入力してください
C16: 当該相談支援事業所における相談支援専門員との兼務の有無 | W16: 2
C17: 同一敷地内の他の事業所又は施設の従業者との兼務（兼務の場合記入） | O17: 事業所等の名称
O18: 兼務する職種
O19: 勤務時間
A20: 事業開始時の利用者の予定数 | O20: 人
A21: 従業者の職種 ・員数 | C21: (単位：人） | I21: 相談支援専門員
I22: 専従 | L22: 兼務
C23: 従業者数 | F23: 常勤
F24: 非常勤
C25: 常勤換算後の人数
C26: ※基準上の必要人数
A27: 主な掲示事項 | C27: 営業日 | AL27: FALSE | AM27: FALSE | AN27: FALSE | AO27: FALSE | AP27: FALSE | AQ27: FALSE | AR27: FALSE
C28: 営業時間 | I28: 平日 | O28: ～ | T28: 土曜 | Z28: ～ | AE28: 備考
I29: 日曜 | O29: ～ | T29: 祝日 | Z29: ～
C30: 主たる対象者 | AL30: FALSE | AM30: FALSE | AN30: FALSE | AO30: FALSE | AP30: FALSE
C31: 利用料
C32: その他費用
C33: 通常の事業 の実施地域
A37: ※加算等 | C37: 相談支援特定 事業所加算
A38: （備考）
A39: １．「※」のついた欄は、記入しないでください。
A40: ２．「主な掲示事項」欄には、その内容を簡潔に記載して下さい。
A41: ３． 当該指定相談支援サービス以外のサービスを実施する場合には、当該指定相談支援サービス部分と
A42: それ以外のサービス部分の料金の状況が分かるような料金表を提出してください。
